 Dungeon Crawl Stone Soup version 0.20-a0-78-ge188847 (webtiles) character file.

1283151 Crabhammer the Archmage (level 27, -14/153 (156) HPs)
             Began as a Spriggan Enchanter on Nov 14, 2016.
             Was the Champion of Sif Muna.
             Killed by dispel undead
             ... invoked by a Tzitzimitl
             ... created by the effects of Hell
              (86 damage)
             ... on level 2 of Tartarus on Nov 20, 2016.
             The game lasted 1 day 01:03:29 (212367 turns).

Crabhammer the Archmage (Spriggan Enchanter)  Turns: 212367, Time: 1 , 01:03:32

HP:   -14/153 (156) AC: 16    Str:  9    XL:     27
MP:   19/55         EV: 39    Int: 32    God:    Sif Muna [******]
Gold: 12560         SH: 13    Dex: 19    Spells: 14 memorised, 0 levels left

rFire  + . .     SeeInvis +     b - +11 lance "Wyrmbane" {slay drac, rPois rF+ rC+ AC+3}
rCold  + + +     Gourm    .     W - +2 robe {Archmagi}
rNeg   + + +     Faith    .     M - +3 warlock's mirror {reflect}
rPois  ∞         Spirit   .     n - +2 hat {SInv}
rElec  +         Reflect  +     Q - +0 cloak of Xustrini {Regen+}
rCorr  +         Harm     .     (gloves unavailable)
MR     +++++                    (boots unavailable)
Stlth  +++++++++.               y - amulet of magic regeneration
                                F - ring of the Bull {rCorr rC+}
                                w - ring "Aqoiczin" {Wiz rElec Str+5 Int+5}

@: lich-form, deflect missiles, divine energy, very quick
A: unfitting armour, see invisible, herbivore 3, speed 3, slow metabolism 2
a: End Transformation, Stop Divine Energy, Channel Magic, Forget Spell, Renounce
Religion
}: 11/15 runes: serpentine, barnacled, slimy, silver, golden, abyssal, demonic,
glowing, magical, fiery, dark


You were on level 2 of Tartarus.
You worshipped Sif Muna.
Sif Muna was exalted by your worship.
You were not hungry.
You were a lich.
You visited 15 branches of the dungeon, and saw 64 of its levels.
You visited Pandemonium 7 times, and saw 35 of its levels.
You visited the Abyss 9 times.
You visited 1 ziggurat, and saw 21 of its levels.
You also visited: Labyrinth and Ice Cave.

You collected 14435 gold pieces.
You spent 1875 gold pieces at shops.

Inventory:

Hand Weapons
 a - the +7 Spriggan's Knife {MR+ EV+4 Dex+4 Stlth+}
   (You found it in a labyrinth)

   It affects your evasion (+4).
   It affects your dexterity (+4).
   It affects your resistance to hostile enchantments.
   It makes you more stealthy.
 b - the +11 lance "Wyrmbane" (weapon) {slay drac, rPois rF+ rC+ AC+3}
   (You found it on level 8 of a ziggurat)

   It affects your AC (+3).
   It protects you from fire.
   It protects you from cold.
   It protects you from poison.
Armour
 n - a +2 hat of see invisible (worn)
 M - the +3 warlock's mirror (worn) {reflect}
   (You found it on level 19 of a ziggurat)
 Q - the +0 cloak of Xustrini (worn) {Regen+}
   (You acquired it on level 4 of the Realm of Zot)

   It increases your rate of regeneration.
 W - a +2 robe of the Archmagi (worn)
Jewellery
 k - the amulet of Ymyiru {Faith rPois rF+ Str-2}
   (You found it on level 20 of a ziggurat)

   [amulet of faith]

   It allows you to gain divine favour quickly.
   It affects your strength (-2).
   It protects you from fire.
   It protects you from poison.
 w - the ring "Aqoiczin" (left hand) {Wiz rElec Str+5 Int+5}
   (You took it off a deep elf death mage on level 3 of the Crypt)

   [ring of wizardry]

   It improves your spell success rate.
   It affects your strength (+5).
   It affects your intelligence (+5).
   It insulates you from electricity.
 x - an uncursed ring of flight
 y - an amulet of magic regeneration (around neck)
 F - the ring of the Bull (right hand) {rCorr rC+}
   (You found it on level 16 of a ziggurat)

   [ring of resist corrosion]

   It protects you from cold.
 Z - the macabre finger necklace {rN+}
   (You found it on level 11 of a ziggurat)

   [amulet of nothing]

   It protects you from negative energy.
Wands
 J - a wand of teleportation (4/9)
 L - a wand of hasting (5/9)
Scrolls
 d - 35 scrolls of remove curse
 f - 18 scrolls of teleportation
 g - 10 scrolls of enchant weapon
 i - 34 scrolls of identify
 D - 15 scrolls of magic mapping
 E - 15 scrolls of blinking
 G - 3 scrolls of amnesia
 K - 23 scrolls of recharging
 N - 2 scrolls of enchant armour
 R - 12 scrolls of fog
Potions
 j - 14 potions of agility
 o - a potion of heal wounds
 u - 9 potions of brilliance
 v - 12 potions of cancellation
 z - 10 potions of cure mutation
 H - 33 potions of curing
 O - 5 potions of magic
 P - 12 potions of flight
Miscellaneous
 c - a disc of storms
 e - 4 boxes of beasts
 h - 15 phantom mirrors
 p - a lamp of fire
 t - 11 sacks of spiders
Comestibles
 m - 28 royal jellies
 s - 24 bread rations


   Skills:
 * Level 19.8 Fighting
 + Level 14.3 Short Blades
 + Level 25.0 Dodging
 + Level 25.8 Stealth
 + Level 11.6 Shields
 O Level 27 Spellcasting
 + Level 23.0 Conjurations
 + Level 21.6 Hexes
 + Level 17.6 Charms
 + Level 20.1 Necromancy
 + Level 18.8 Translocations
 + Level 18.7 Transmutations
 * Level 18.9 Fire Magic
 + Level 23.4 Ice Magic
 + Level 9.7 Air Magic
   Level 6.4 Poison Magic
 + Level 9.7 Invocations
 + Level 9.0 Evocations


You couldn't memorise any spells.
You knew the following spells:

 Your Spells              Type           Power        Failure   Level  Hunger
a - Invisibility          Hex            ########     1%          6    N/A
b - Ensorcelled Hibernat  Hex/Ice        ######       0%          2    N/A
c - Confuse               Hex            ########     0%          3    N/A
d - Fire Storm            Conj/Fire      ########..   4%          9    N/A
e - Orb of Destruction    Conj           ########..   1%          7    N/A
g - Fulminant Prism       Conj/Hex       ########..   0%          4    N/A
h - Discord               Hex            ########..   1%          8    N/A
i - Deflect Missiles      Chrm/Air       ########..   1%          6    N/A
j - Controlled Blink      Tloc           N/A          1%          8    N/A
l - Glaciate              Conj/Ice       ########..   3%          9    N/A
m - Dispel Undead         Necr           ########     0%          5    N/A
n - Blink                 Tloc           N/A          0%          2    N/A
x - Ozocubu's Armour      Chrm/Ice       ########     0%          3    N/A
z - Necromutation         Tmut/Necr      #########.   1%          8    N/A

Dungeon Overview and Level Annotations

Branches:
Dungeon (15/15)            Temple (1/1) D:4            Lair (6/6) D:11
 Shoals (4/4) Lair:3        Snake (4/4) Lair:2        Slime (5/5) Lair:5
    Orc (2/2) D:12            Elf (3/3) Orc:2        Vaults (5/5) D:13
  Crypt (3/3) Vaults:2       Tomb (3/3) Crypt:3      Depths (5/5) D:15
   Hell (1/1)                 Dis (0/7) Hell            Geh (0/7) Hell
    Coc (0/7) Hell            Tar (2/7) Hell            Zot (5/5) Depths:5

Altars:
Ashenzari
Cheibriados
Dithmenos
Elyvilon
Fedhas
Gozag
Hepliaklqana
Kikubaaqudgha
Makhleb
Nemelex Xobeh
Okawaru
Qazlal
Ru
Sif Muna
Trog
Uskayaw
Vehumet
Xom
Yredelemnul
Zin
The Shining One
Beogh
Lugonu

Shops:
D:12 *   D:15 !   Orc:2 (%[([   Elf:1 }   Shoals:2 !   Shoals:3 =
Snake:3 (*?*   Vaults:4 [   Vaults:5 [   Zot:1 *   Depths:5 (

Portals:
Hell: Depths:1 Depths:2 Depths:3 Depths:4 Depths:5
Abyss: Depths:1 Depths:4
Pandemonium: Depths:1 Depths:3 Depths:4
Ziggurat: Depths:5

Annotations:
D:9 Grum


Innate Abilities, Weirdness & Mutations

You are very small and have problems with some larger weapons.
You are too small for most types of armour.
You have supernaturally acute eyesight. (SInv)
You are a herbivore.
You cover ground extremely quickly.
You need consume almost no food.


Message History

The great icy blast engulfs the Tzitzimitl.
The Tzitzimitl partially resists.
The Tzitzimitl is severely wounded.
You hear a hideous shriek!
The phantasmal warrior hits you but does no damage.
The Tzitzimitl gestures at you.
You convulse!
Unknown command.
Casting: Glaciate
Confirm with . or Enter, or press ? or * to list all spells.
Aiming: Glaciate
Press: ? - help, Shift-Dir - straight line, f/p - Tzitzimitl
Aim: a Tzitzimitl (freezing vapour, severely wounded, encased in ice)
You feel a surge of power!
You miscast Glaciate.
Sif Muna protects you from the effects of your miscast!
You block the phantasmal warrior's attack.
The Tzitzimitl gestures at you.
You convulse!
Ouch! That really hurt!
You die...

### #### #W# #..#
#L# # ##†)## #1#
#.###)...###§#
#....).)..#§§##
#.........†§§§##
##........§§§§.#
#........§§§§.#
#W)............#
#..................


You could see a Tzitzimitl and a phantasmal warrior.

Vanquished Creatures
  Cerebov (Pan)
  the Royal Jelly (Slime:5)
  Gloorx Vloq (Pan)
  A seraph (Pan)
  12 ancient liches
  12 orbs of fire
  Mennas (Pan)
  2 juggernauts
  27 greater mummies
  The ghost of Drak the Demonic Blade, a veteran DsGl of Trog (Slime:5)
  Frederick (Tomb:3)
  2 Killer Klowns (Zot:5)
  4 caustic shrikes (Zig:19)
  Vashnia (Snake:2)
  3 curse toes
  Geryon (Hell)
  15 golden dragons
  3 profane servitors
  Jory (Vaults:5)
  10 Tzitzimimeh
  A pearl dragon (Pan)
  7 bone dragons
  Jorgrun (Depths:2)
  A doom hound (Tar:2)
  3 electric golems
  3 hellephants (Zig:19)
  19 Brimstone Fiends
  17 liches
  19 tentacled monstrosities
  10 pandemonium lords
  The ghost of kalelian the Slayer, an adept MiBe of Trog (Snake:4)
  9 Ice Fiends
  A shard shrike zombie (Crypt:1)
  7 Hell Sentinels
  25 Orb Guardians
  3 deep elf blademasters
  8 titans
  10 quicksilver dragons
  2 deep elf master archers
  36 acid blobs
  Polyphemus (Shoals:2)
  A thorn hunter (Depths:3)
  27 tentacled starspawn
  10 death cobs
  Gastronok (Lair:3)
  15 ancient champions
  29 Executioners
  12 sphinxes
  16 warmongers
  22 shadow dragons
  An azure jelly (shapeshifter) (Vaults:2)
  24 storm dragons
  7 tengu reavers
  13 nagarajas
  Ilsuiw (Shoals:4)
  Donald (Snake:1)
  17 azure jellies
  9 draconian monks
  12 revenants
  18 blood saints (Pan)
  14 daevas
  14 fire giants
  11 corrupters (Pan)
  A fire giant (shapeshifter) (Depths:1)
  Aizul (Snake:2)
  6 iron dragons
  25 cacodemons
  7 draconian knights
  2 orc warlords
  8 ghost moths
  43 balrugs
  12 frost giants
  11 draconian scorchers
  12 draconian shifters
  Louise (Elf:3)
  18 vault wardens
  15 deep elf sorcerers
  2 emperor scorpions (Zig:18)
  12 ghouls
  A juggernaut zombie (Depths:2)
  5 deep elf elementalists
  5 curse skulls
  41 angels
  20 ironheart preservers
  15 draconian annihilators
  24 stone giants
  A spriggan defender (Depths:1)
  11 draconian zealots
  The ghost of Diablos the Severer, a journeyman DsFi of Gozag (Lair:5)
  17 ophanim (Pan)
  32 very ugly things
  10 reapers
  4 war gargoyles
  The ghost of Gorggeron the Fighter, a journeyman HOFi of Okawaru (Orc:1)
  10 deep elf demonologists
  6 bennus
  8 green draconians
  20 apis (Pan)
  7 draconian callers
  46 starcursed masses
  14 vampire knights
  3 entropy weavers
  11 black suns (Pan)
  10 black draconians
  8 mottled draconians
  14 white draconians
  8 deep elf annihilators
  11 red draconians
  2 dire elephants (Zig:19)
  A spark wasp (shapeshifter) (Vaults:5)
  13 purple draconians
  29 yellow draconians
  21 lorocyprocas
  5 eidola
  16 ettins
  3 spark wasps (Depths:2)
  34 blizzard demons
  4 crystal guardians
  8 deep elf death magi
  A minotaur (Lab)
  29 green deaths
  27 jiangshi
  3 merfolk javelineers (Shoals:4)
  Josephine (D:11)
  11 death oozes
  2 kraken zombies
  A fire dragon (shapeshifter) (Abyss:4)
  22 great orbs of eyes
  A quicksilver dragon zombie (Tomb:1)
  15 fire dragons
  21 mummy priests
  9 merfolk impalers
  3 great orbs of eyes (shapeshifter) (Abyss:4)
  17 yaktaur captains
  2 hell beasts (Pan)
  13 deep elf high priests
  15 ice dragons
  Erolcha (D:9)
  7 rakshasas
  A spriggan air mage (Depths:2)
  31 naga warriors
  9 hydras
  3 anacondas (shapeshifter)
  A catoblepas (shapeshifter) (Pan)
  2 merfolk avatars
  2 alligator snapping turtles
  2 catoblepae
  14 monstrous demonspawn (Pan)
  22 vault guards
  10 death knights
  6 merfolk aquamancers
  6 alligators
  2 satyrs
  10 anacondas
  9 deep troll shamans
  17 ogre magi
  41 death scarabs
  6 death yaks
  10 deep troll earth magi
  11 centaur warriors
  35 dancing weapons
  14 tengu warriors
  10 spriggan berserkers
  43 thrashing horrors
  Urug (D:11)
  16 naga sharpshooters
  14 shock serpents
  9 vampire magi
  34 deep elf knights
  3 hell hogs
  69 soul eaters
  A spectral storm dragon (Crypt:3)
  99 sun demons
  6 holy swine (Pan)
  A titan zombie (Depths:3)
  9 hell knights
  4 orc high priests
  5 salamander mystics
  5 iron trolls
  An iron golem (Hell)
  14 shadow wraiths
  3 fire crabs (Zig:21)
  A spectral anaconda (Crypt:3)
  13 wretched stars
  57 skeletal warriors
  18 sea snakes
  8 infernal demonspawn (Pan)
  50 sixfirhies
  A fire crab (shapeshifter) (D:13)
  22 shadow demons
  17 gelid demonspawn
  5 spatial maelstroms
  15 cherubim (Pan)
  An anaconda zombie (Hell)
  25 deep elf archers
  A storm dragon skeleton (Abyss:3)
  4 unseen horrors
  An unseen horror (shapeshifter) (Vaults:2)
  8 swamp dragons
  4 death drakes
  22 wizards
  2 sea snakes (shapeshifter)
  18 naga ritualists
  A lindwurm (Lair:5)
  8 torturous demonspawn (Pan)
  A tengu zombie (Vaults:3)
  11 flayed ghosts
  25 deep trolls
  A hill giant (shapeshifter) (D:14)
  13 phantasmal warriors
  10 hill giants
  4 anaconda skeletons
  13 glowing orange brains
  Pikel (D:4)
  7 harpies
  101 deep elf magi
  An iron dragon zombie (Tomb:2)
  An orange crystal statue (Zot:5)
  A harpy (shapeshifter) (Vaults:1)
  2 orb spiders
  2 orb spiders (shapeshifter)
  12 ironbrand convokers
  14 necromancers
  16 orc knights
  A wolf spider zombie (D:14)
  4 stone giant zombies
  7 oklob plants
  23 mana vipers
  11 orc sorcerers
  2 salamanders (shapeshifter)
  51 ugly things
  A manticore (shapeshifter) (Depths:1)
  15 salamanders
  3 wolf spiders
  7 shining eyes
  A frost giant zombie (Depths:2)
  18 manticores
  6 fauns
  A sphinx zombie (Zig:7)
  158 slime creatures
  36 moths of wrath
  8 worldbinders (Abyss:3)
  9 cyclopes
  11 merfolk sirens
  A moth of wrath (shapeshifter) (Vaults:5)
  An elephant (shapeshifter) (Depths:4)
  8 elephants
  3 iron dragon skeletons
  A tengu skeleton (Depths:3)
  3 human skeletons
  2 stone giant skeletons
  2 water nymphs
  20 rust devils
  A shock serpent zombie (Hell)
  58 black mambas
  3 guardian serpents (shapeshifter)
  3 torpor snails
  23 vault sentinels
  99 smoke demons
  2 trolls (shapeshifter)
  4 ice statues
  9 apocalypse crabs
  A titan simulacrum (Abyss:1)
  34 naga magi
  A frost giant skeleton (Tomb:1)
  2 centaur skeletons
  38 orange demons
  2 molten gargoyles
  9 eyes of devastation
  21 guardian serpents
  14 spiny frogs
  A water nymph (shapeshifter) (Depths:4)
  12 hellions
  44 yaktaurs
  2 kobold demonologists (Abyss:3)
  4 rime drakes
  17 freezing wraiths
  A yaktaur (shapeshifter) (Depths:1)
  A rime drake (shapeshifter) (Vaults:5)
  A yaktaur zombie (Vaults:3)
  23 efreet
  2 catoblepas skeletons
  30 ancient zymes
  6 komodo dragons
  55 hellwings
  2 hydra zombies (Hell)
  A black draconian skeleton (Crypt:1)
  9 ice devils
  38 red devils
  8 tengu conjurers
  35 demonic crawlers
  22 tormentors
  15 trolls
  A polar bear (shapeshifter) (Abyss:4)
  A meliai (Abyss:3)
  50 guardian mummies
  A tyrant leech (Zig:5)
  A queen bee (Lair:3)
  2 polar bears
  3 hornets
  A hornet (shapeshifter) (Abyss:3)
  26 two-headed ogres
  42 merfolk
  A wolf spider simulacrum (Hell)
  A jumping spider (shapeshifter) (Abyss:4)
  4 hydra skeletons
  51 raiju
  A sphinx simulacrum (Depths:3)
  6 bog bodies
  A jumping spider zombie (Crypt:2)
  8 snapping turtles
  11 wind drakes
  6 dream sheep
  A fire dragon zombie (Abyss:3)
  2 spriggan zombies
  Prince Ribbit (D:9)
  A hippogriff (shapeshifter) (Vaults:4)
  A fire giant simulacrum (Vaults:3)
  2 frost giant simulacra
  A tengu simulacrum (Depths:3)
  An ettin zombie (Tomb:1)
  13 blink frogs
  4 ice dragon zombies
  7 hippogriffs
  90 flying skulls
  24 water elementals
  11 shadows
  5 wyverns
  A black mamba zombie (Abyss:4)
  An ice dragon skeleton (Crypt:3)
  4 ettin skeletons
  A tarantella (Zig:18)
  10 air elementals
  73 ynoxinuls
  8 fire bats
  26 wraiths
  48 yaks
  5 hungry ghosts
  30 ushabtiu
  9 golden eyes
  2 golden eyes (shapeshifter)
  6 basilisks
  4 vampires
  A steam dragon (D:9)
  55 chaos spawn
  10 vampire mosquitoes
  A hill giant zombie (D:12)
  20 fire elementals
  46 neqoxecs
  An emperor scorpion simulacrum (Hell)
  3 insubstantial wisps (Abyss:2)
  10 wargs
  3 mottled dragons
  147 large abominations
  2 soldier ants
  90 nagas
  A spatial vortex (Abyss:4)
  4 swamp worms (Depths:3)
  14 water moccasins
  A spiny frog zombie (Hell)
  A floating eye (shapeshifter) (D:15)
  3 floating eyes
  14 hell hounds
  A gelid demonspawn skeleton (Crypt:2)
  3 spiny frog skeletons (Hell)
  A swamp drake (Depths:3)
  A faun skeleton (Crypt:1)
  13 ice beasts
  4 phantoms
  11 porcupines
  59 orc warriors
  A sky beast (shapeshifter) (Depths:2)
  2 slaves
  25 eyes of draining
  4 ettin simulacra
  A hornet zombie (D:10)
  2 ogres (shapeshifter)
  65 ogres
  5 sky beasts
  9 necrophages
  8 boggarts
  8 wolves
  A manticore skeleton (Crypt:2)
  A tengu (shapeshifter) (Depths:4)
  20 centaurs
  11 crocodiles
  A snapping turtle skeleton (Abyss:3)
  A hippogriff zombie (Crypt:2)
  3 big kobolds
  Blork the orc (D:5)
  15 bullfrogs
  5 earth elementals
  A spiny frog simulacrum (Abyss:3)
  A wyvern zombie (D:7)
  A wyvern skeleton (D:14)
  4 scorpions
  33 killer bees
  2 electric eels (Snake:3)
  3 howler monkeys (D:7)
  A troll zombie (D:12)
  35 wights
  20 crimson imps
  3 hounds
  A human simulacrum (Vaults:2)
  11 quasits
  7 centaur zombies
  2 bullfrog zombies
  21 jellies
  35 orc priests
  Crazy Yiuf (D:5)
  2 human zombies
  9 iron imps
  36 orc wizards
  Natasha (thrice) (D:3)
  7 worker ants
  A black bear skeleton (Crypt:2)
  4 iguanas
  A lightning spire (Zig:15)
  68 small abominations
  A deep dwarf zombie (Crypt:2)
  6 ogre zombies (D:12)
  2 hound zombies
  2 hound skeletons (D:11)
  44 mummies
  4 gnolls
  9 adders
  9 shadow imps
  18 white imps
  9 ufetubi
  An ooze (D:1)
  An adder zombie (D:9)
  21 ball lightnings (Pan)
  A dart slug (D:1)
  7 leopard geckos
  163 orcs
  A ball python (D:4)
  7 hobgoblins
  3 jackals (D:3)
  6 quokkas
  4 bats
  3 frilled lizards
  A frilled lizard skeleton (Crypt:1)
  4 goblins
  2 goblin skeletons (D:12)
  4 goblin zombies (D:12)
  2 hobgoblin skeletons (D:12)
  5 hobgoblin zombies (D:12)
  A jackal skeleton (D:8)
  15 kobolds
  A kobold skeleton (Abyss:2)
  2 leopard gecko skeletons
  2 orc skeletons (D:12)
  10 orc zombies (D:12)
  2 quokka skeletons
  4 rats
  18 blocks of ice
  7 crawling corpses
  24 fire vortices
  9 fulminant prisms
  2 lurking horrors (Abyss:3)
  11 starspawn tentacles
  A tentacle (Hell)
5733 creatures vanquished.

Vanquished Creatures (collateral kills)
  2 juggernauts (Zig:10)
  A golden dragon (Zig:14)
  A Tzitzimitl (Pan)
  A tentacled monstrosity (Abyss:4)
  An Ice Fiend (Zig:9)
  A hellephant (Zig:19)
  2 liches
  A titan (Vaults:5)
  2 quicksilver dragons
  4 acid blobs
  A sphinx (Zig:14)
  A storm dragon (Depths:4)
  A tengu reaver (Vaults:4)
  A frost giant (Zig:14)
  A ghost moth (Zig:18)
  A deep elf sorcerer (Elf:3)
  An orc warlord (Zig:14)
  3 vault wardens
  A deep elf elementalist (Vaults:5)
  A warmonger (Zig:9)
  An emperor scorpion (Zig:18)
  A reaper (Hell)
  2 war gargoyles
  3 ironheart preservers
  2 stone giants
  2 spriggan defenders (Depths:1)
  6 very ugly things
  A deep elf demonologist (Vaults:5)
  A dire elephant (Zig:19)
  A spark wasp (Zig:18)
  A blizzard demon (Hell)
  An ettin (Vaults:5)
  2 death oozes (Slime:5)
  An eidolon (Abyss:4)
  2 yaktaur captains
  2 great orbs of eyes
  5 ogre magi
  20 vault guards
  2 spriggan air magi
  A catoblepas (Zig:19)
  2 centaur warriors
  A ghost crab (Abyss:4)
  2 dancing weapons
  A death knight (Zig:14)
  A death scarab (Tomb:2)
  4 deep troll earth magi
  A deep troll shaman (Depths:2)
  A satyr (shapeshifter) (Vaults:5)
  2 tengu warriors (Depths:2)
  A death yak (Zig:19)
  4 hell hogs (Abyss:4)
  6 hell knights
  A thrashing horror (Abyss:3)
  3 orc high priests (Zig:10)
  A titan zombie (Zig:7)
  A naga sharpshooter (Snake:3)
  2 skeletal warriors
  2 slime creatures
  4 iron trolls
  A sixfirhy (Pan)
  2 fire crabs
  2 gelid demonspawn
  A death drake (Zig:16)
  A quicksilver dragon simulacrum (Depths:2)
  9 deep trolls
  A shambling mangrove (Abyss:4)
  A glowing orange brain (Depths:2)
  3 ironbrand convokers
  4 deep elf archers
  A hill giant (shapeshifter) (Zig:14)
  A phantasmal warrior (Vaults:5)
  A naga mage (Abyss:4)
  A wizard (Depths:1)
  An orc sorcerer (Vaults:5)
  6 necromancers
  3 orb spiders (Zig:18)
  2 wolf spiders (Zig:18)
  7 orc knights
  4 ugly things
  6 deep elf magi
  A moth of wrath (Zig:18)
  2 rust devils
  A black mamba (Zig:19)
  An elephant (shapeshifter) (Vaults:5)
  2 apocalypse crabs (Abyss:4)
  2 vault sentinels
  An orange demon (Pan)
  A torpor snail (Zig:19)
  2 spiny frogs (Zig:19)
  A catoblepas zombie (Hell)
  2 hellions
  3 yaktaurs
  5 demonic crawlers
  3 freezing wraiths
  A komodo dragon (Zig:19)
  An ice devil (Hell)
  A tormentor (Hell)
  3 red devils
  A troll (Zig:10)
  A hellwing (Abyss:4)
  A hornet (Zig:14)
  2 two-headed ogres (Vaults:4)
  A jumping spider (Zig:18)
  10 raiju
  A dream sheep (Zig:19)
  A blink frog (Abyss:4)
  3 flying skulls (Tomb:1)
  A small abomination (Abyss:4)
  A redback (shapeshifter) (Depths:4)
  3 redbacks (Zig:18)
  2 ynoxinuls (Abyss:4)
  2 wraiths
  A wyvern (Zig:19)
  A yak (Zig:19)
  3 spriggans (Depths:1)
  5 fire bats (Abyss:3)
  5 chaos spawn (Abyss:3)
  A neqoxec (Abyss:4)
  4 spatial vortices (Abyss:4)
  4 large abominations
  A basilisk (Zig:19)
  2 wargs
  3 mottled dragons (Zig:16)
  A naga (Abyss:4)
  5 hell hounds
  2 water moccasins (Zig:19)
  11 orc warriors
  An eye of draining (Abyss:4)
  9 ogres
  An ettin simulacrum (Depths:2)
  2 centaurs
  2 crocodiles (Zig:19)
  An electric eel (Snake:3)
  2 orc priests
  An orc wizard (Vaults:5)
  A mummy (Tomb:2)
  A gnoll (D:6)
  9 orcs
  A fire vortex (Zig:14)
  2 fulminant prisms
328 creatures vanquished.

Vanquished Creatures (others)
  2 caustic shrikes (Zig:19)
  Nikola (Snake:3)
  the Enchantress (Depths:1)
  2 storm dragons
  An azure jelly (Slime:5)
  2 blood saints
  A fire giant (Vaults:5)
  A revenant (Tomb:2)
  A warmonger (Zig:9)
  A frost giant (Hell)
  2 corrupters
  A vault warden (Vaults:5)
  A ghost moth (Zig:18)
  An ironheart preserver (Zig:14)
  2 entropy weavers (Zig:18)
  3 stone giants
  2 black suns (Pan)
  A black draconian (Zot:3)
  A dire elephant (Zig:19)
  2 blizzard demons (Pan)
  2 yaktaur captains
  2 fire dragons (Zig:21)
  2 hydras
  2 ice dragons (Abyss:3)
  An anaconda (Snake:4)
  A centaur warrior (Vaults:4)
  A dancing weapon (Elf:2)
  A deep troll earth mage (Depths:4)
  2 tengu warriors (Depths:2)
  10 death scarabs
  3 naga sharpshooters
  5 thrashing horrors
  3 hell knights (Depths:2)
  A spriggan berserker (Depths:2)
  A deep elf knight (Elf:2)
  2 skeletal warriors
  A spatial maelstrom (Abyss:3)
  A shadow wraith (Hell)
  3 deep trolls (Depths:4)
  A quicksilver dragon simulacrum (Depths:2)
  2 spriggan druids (Zig:19)
  A swamp dragon (Zig:16)
  An ironbrand convoker (Vaults:5)
  2 orc knights
  A necromancer (Depths:3)
  2 orb spiders
  A phantasmal warrior (Depths:3)
  3 wolf spiders (Zig:18)
  A deep elf mage (Elf:2)
  A torpor snail (Zig:18)
  A sphinx skeleton (Depths:2)
  A salamander (Abyss:4)
  A moth of wrath (Zig:18)
  A naga mage (Abyss:4)
  2 vault sentinels
  5 smoke demons (Pan)
  2 orange demons (Pan)
  4 demonic crawlers
  13 yaktaurs
  2 spiny frogs (Zig:19)
  4 freezing wraiths
  A komodo dragon (Zig:19)
  An ice devil (Depths:2)
  A tormentor (Abyss:4)
  An ancient zyme (Abyss:4)
  3 red devils
  4 hellwings (Pan)
  A meliai (shapeshifter) (Zig:14)
  A troll (Vaults:4)
  A shadow dragon simulacrum (Depths:2)
  6 raiju
  A jumping spider (Zig:18)
  4 blink frogs
  A slime creature (Depths:3)
  A polar bear (Zig:19)
  A hippogriff (Zig:19)
  11 flying skulls
  A ynoxinul (Abyss:3)
  A basilisk (Zig:19)
  A tarantella (Zig:18)
  A redback (Zig:18)
  A yak (Zig:19)
  A wraith (Vaults:4)
  2 fire elementals
  A black mamba skeleton (Tomb:2)
  A chaos spawn (Abyss:4)
  A neqoxec (Abyss:3)
  A warg (Vaults:4)
  3 nagas
  A spatial vortex (Abyss:4)
  3 small abominations (Abyss:3)
  3 hell hounds (Abyss:4)
  A water moccasin (Zig:19)
  A floating eye (shapeshifter) (Zig:14)
  2 swamp drakes (Zig:16)
  2 starcursed masses
  A sky beast (D:15)
  3 orc warriors
  An eye of draining (Slime:3)
  A wolf (Zig:19)
  7 centaurs
  3 ogres (Vaults:4)
  A killer bee (Abyss:3)
  2 jellies
  A mummy (Tomb:2)
  An adder (D:4)
  An ogre simulacrum (Abyss:3)
  A white imp (Depths:5)
  36 ball lightnings (Pan)
  5 orcs
  555 blocks of ice
  4 bushes
  3 crawling corpses (Depths:2)
  2 demonic plants
  56 fire vortices
  886 fulminant prisms
  2 fungi (Lair:6)
  4 lurking horrors
  35 plants
  76 starspawn tentacles
  29 tentacles
1908 creatures vanquished.

Grand Total: 7969 creatures vanquished

Notes
Turn   | Place    | Note
-------+----------+-------------------------------------------
     0 | D:1      | Crabhammer the Spriggan Enchanter began the quest for the Orb.
     0 | D:1      | Reached XP level 1. HP: 9/9 MP: 5/5
   206 | D:1      | Reached XP level 2. HP: 8/13 MP: 4/6
   350 | D:1      | Reached skill level 5 in Stealth
   817 | D:1      | Learned a level 2 spell: Ensorcelled Hibernation
  1548 | D:2      | Reached XP level 3. HP: 17/17 MP: 5/8
  2399 | D:3      | Noticed Natasha
  2454 | D:3      | Killed Natasha
  2454 | D:3      | Reached skill level 3 in Spellcasting
  2532 | D:3      | Reached XP level 4. HP: 16/21 MP: 9/9
  2787 | D:3      | Noticed Natasha
  2792 | D:3      | Killed Natasha
  2792 | D:3      | Reached skill level 1 in Fighting
  2906 | D:3      | Noticed Natasha
  2916 | D:3      | Killed Natasha
  2916 | D:3      | Reached XP level 5. HP: 17/25 MP: 4/11
  3257 | D:3      | Learned a level 3 spell: Confuse
  3303 | D:3      | Reached skill level 4 in Spellcasting
  3754 | D:3      | Reached XP level 6. HP: 27/30 MP: 2/14
  4067 | D:4      | Noticed Pikel
  4067 | D:4      | Noticed a slave
  4067 | D:4      | Noticed a slave
  4067 | D:4      | Noticed a slave
  4067 | D:4      | Noticed a slave
  4068 | D:4      | Killed a slave
  4073 | D:3      | Killed a slave
  4117 | D:4      | Reached skill level 5 in Spellcasting
  4205 | D:4      | Found a blossoming altar of Fedhas.
  4260 | D:4      | Noticed a sky beast
  4271 | D:4      | Killed a sky beast
  4271 | D:4      | Reached XP level 7. HP: 27/34 MP: 3/16
  4559 | D:4      | Found a hazy altar of Hepliaklqana.
  4645 | D:4      | Killed Pikel
  4645 | D:4      | Reached skill level 6 in Spellcasting
  4645 | D:4      | Reached skill level 5 in Hexes
  4645 | D:4      | Reached skill level 1 in Ice Magic
  4645 | D:4      | Reached XP level 8. HP: 23/39 MP: 7/19
  5130 | D:4      | Found a burning altar of Makhleb.
  5208 | D:4      | Found a staircase to the Ecumenical Temple.
  5214 | Temple   | Entered the Ecumenical Temple
  5550 | D:4      | Reached skill level 7 in Spellcasting
  5780 | D:5      | Entered Level 5 of the Dungeon
  6028 | D:5      | Found a runed door.
  6032 | D:5      | Noticed Crazy Yiuf
  6036 | D:5      | Killed Crazy Yiuf
  6128 | D:5      | Found a bloodstained altar of Trog.
  6141 | D:5      | Learned a level 3 spell: Tukima's Dance
  6145 | D:5      | Learned a level 3 spell: Dazzling Spray
  6149 | D:5      | Learned a level 3 spell: Gell's Gravitas
  6307 | D:5      | Noticed Blork the orc
  6312 | D:5      | Killed Blork the orc
  6673 | D:5      | Reached skill level 1 in Evocations
  6679 | D:5      | Found a bloodstained altar of Trog.
  6877 | D:6      | Found a shattered altar of Ashenzari.
  7033 | D:6      | Reached skill level 8 in Spellcasting
  7211 | D:6      | Found a hide-covered altar of Uskayaw.
  7212 | D:6      | Found a deep blue altar of Sif Muna.
  7285 | D:6      | Became a worshipper of Sif Muna the Loreminder
  7345 | D:6      | Reached skill level 10 in Stealth
  7350 | D:6      | Reached XP level 9. HP: 44/44 MP: 18/22
  8871 | D:8      | Reached * piety under Sif Muna
  8937 | D:8      | Reached skill level 9 in Spellcasting
  9737 | D:9      | Noticed Prince Ribbit
  9739 | D:9      | Killed Prince Ribbit
  9739 | D:9      | Reached XP level 10. HP: 50/50 MP: 24/24
  9792 | D:9      | Noticed Erolcha
  9881 | D:9      | Killed Erolcha
 10068 | D:9      | Noticed Grum
 10098 | D:9      | Reached skill level 5 in Short Blades
 10226 | D:9      | Found a sacrificial altar of Ru.
 10599 | D:10     | Entered Level 10 of the Dungeon
 10601 | D:10     | Reached skill level 5 in Fighting
 10601 | D:10     | Reached skill level 5 in Evocations
 10668 | D:10     | Reached ** piety under Sif Muna
 11055 | D:10     | Reached skill level 1 in Translocations
 11340 | D:10     | Noticed a molten gargoyle
 11362 | D:10     | Killed a molten gargoyle
 11478 | D:10     | Identified a scroll of acquirement
 11503 | D:11     | Noticed a purple ugly thing
 11512 | D:11     | Killed a purple ugly thing
 11562 | D:11     | Reached skill level 1 in Shields
 11586 | D:11     | Found a staircase to the Lair.
 11608 | D:11     | Reached XP level 11. HP: 41/56 MP: 7/25
 11806 | D:11     | Reached skill level 10 in Spellcasting
 11833 | D:11     | Noticed Josephine
 12038 | D:11     | Noticed a purple ugly thing
 12421 | D:11     | Killed a purple ugly thing
 12563 | D:11     | Noticed a hill giant
 12568 | D:11     | Killed a hill giant
 12640 | D:11     | Noticed Urug
 12688 | D:11     | Killed Urug
 13033 | D:12     | Found a staircase to the Orcish Mines.
 13280 | D:12     | Reached *** piety under Sif Muna
 13361 | D:12     | Noticed a five-headed hydra
 13412 | D:12     | Killed a five-headed hydra
 13598 | D:11     | Killed Josephine
 13964 | D:12     | Found Tefot's Assorted Antiques.
 14360 | D:12     | Noticed a centaur warrior
 14364 | D:12     | Killed a centaur warrior
 14364 | D:12     | Reached XP level 12. HP: 62/62 MP: 24/27
 14461 | D:12     | Reached skill level 11 in Spellcasting
 14590 | D:12     | Found a deep blue altar of Sif Muna.
 14598 | D:12     | Reached **** piety under Sif Muna
 14623 | D:12     | Gained mutation: You are partially covered in thin metallic scales. (AC +2) [potion of mutation]
 14623 | D:12     | Gained mutation: You are covered in fur. (AC +1) [potion of mutation]
 14623 | D:12     | Gained mutation: Your system is resistant to poisons. (rPois) [potion of mutation]
 14746 | D:12     | Identified Sif Muna's Guide on Moulding
 15304 | D:13     | Learned a level 6 spell: Invisibility
 15329 | D:13     | Learned a level 4 spell: Fulminant Prism
 15350 | D:13     | Noticed an ogre mage
 15353 | D:13     | Killed an ogre mage
 15353 | D:13     | Reached skill level 10 in Hexes
 15356 | D:13     | Noticed a tengu warrior
 15359 | D:13     | Found a gate to the Vaults.
 15359 | D:13     | Noticed a vault guard
 15364 | D:13     | Killed a tengu warrior
 15368 | D:13     | Killed a vault guard
 15463 | D:13     | Noticed a centaur warrior
 15469 | D:13     | Killed a centaur warrior
 15647 | D:13     | Reached skill level 12 in Spellcasting
 15771 | D:13     | Noticed a centaur warrior
 15783 | D:13     | Killed a centaur warrior
 16046 | D:14     | Reached skill level 5 in Dodging
 16095 | D:14     | Reached ***** piety under Sif Muna
 16095 | D:14     | Received a gift from Sif Muna
 16106 | D:14     | Learned a level 8 spell: Discord
 16231 | D:14     | Noticed a death knight
 16284 | D:14     | Killed a death knight
 16451 | D:14     | Reached XP level 13. HP: 68/68 MP: 20/30
 16457 | D:14     | Reached skill level 5 in Ice Magic
 17343 | Lair:1   | Entered Level 1 of the Lair of Beasts
 18244 | Lair:2   | Learned a level 4 spell: Cause Fear
 18260 | Lair:2   | Got a pitted lapis lazuli ring
 18261 | Lair:2   | Identified the ring of Fedhas's Displeasure {rElec MR++ AC+4} (You acquired it on level 2 of the Lair of Beasts)
 18328 | Lair:2   | Found a staircase to the Snake Pit.
 18423 | Lair:2   | Reached skill level 13 in Spellcasting
 19445 | Lair:3   | Noticed Gastronok
 20083 | Lair:3   | Received a gift from Sif Muna
 20130 | Lair:3   | Found a staircase to the Shoals.
 20372 | Lair:3   | Found a bloodstained altar of Trog.
 20699 | Lair:3   | Killed Gastronok
 20699 | Lair:3   | Reached XP level 14. HP: 74/74 MP: 23/32
 21107 | Lair:4   | Found a frozen archway.
 21128 | IceCv    | Entered an ice cave
 21149 | IceCv    | Reached skill level 1 in Conjurations
 21465 | Lair:4   | Learned a level 5 spell: Alistair's Intoxication
 22310 | Lair:5   | Reached skill level 14 in Spellcasting
 22603 | Lair:5   | Found a staircase to the Slime Pits.
 22625 | Lair:5   | Reached skill level 1 in Transmutations
 22996 | Lair:5   | Noticed Diablos's ghost (journeyman DsFi)
 23052 | Lair:5   | Killed Diablos's ghost
 23096 | Lair:6   | Entered Level 6 of the Lair of Beasts
 24104 | Lair:6   | Identified Sif Muna's Guide on Translocation and the Entourage (Sif Muna gifted it to you on level 6 of the Lair of Beasts)
 24104 | Lair:6   | Received a gift from Sif Muna
 24542 | Lair:6   | Got a crystal arbalest
 24549 | Lair:6   | Identified the +7 arbalest "Gastycwo" {elec, MR++} (You found it on level 6 of the Lair of Beasts)
 25308 | Orc:1    | Entered Level 1 of the Orcish Mines
 25308 | Orc:1    | Noticed Gorggeron's ghost (journeyman HOFi)
 25322 | Orc:1    | Reached skill level 5 in Translocations
 25376 | Orc:1    | Killed Gorggeron's ghost
 25376 | Orc:1    | Reached skill level 15 in Spellcasting
 26137 | Orc:2    | Entered Level 2 of the Orcish Mines
 26137 | Orc:2    | Found a roughly hewn altar of Beogh.
 26227 | Orc:2    | Found a labyrinth entrance.
 26251 | Lab      | Entered a labyrinth
 29198 | Lab      | Got a bound crystal amulet
 29203 | Lab      | Identified the amulet of Doclipp {Harm *Drain rC+} (You found it in a labyrinth)
 29308 | Orc:2    | Found a roughly hewn altar of Beogh.
 29360 | Orc:2    | Found Hobovofu's Food Shoppe.
 29619 | Orc:2    | Found a roughly hewn altar of Beogh.
 29657 | Orc:2    | Found Ady Siom's Weapon Emporium.
 29662 | Orc:2    | Reached XP level 15. HP: 80/80 MP: 20/35
 30121 | Orc:2    | Found a roughly hewn altar of Beogh.
 30361 | Orc:2    | Found a roughly hewn altar of Beogh.
 30837 | Orc:2    | Reached skill level 1 in Poison Magic
 30873 | Orc:2    | Noticed an orc warlord
 30891 | Orc:2    | Killed an orc warlord
 30891 | Orc:2    | Reached skill level 5 in Transmutations
 31069 | Orc:2    | Found a staircase to the Elven Halls.
 31073 | Orc:2    | Received a gift from Sif Muna
 31266 | Orc:2    | Found Cunomn's Antique Weapon Shoppe.
 31267 | Orc:2    | Found a roughly hewn altar of Beogh.
 31272 | Orc:2    | Found Kesch's Antique Armour Emporium.
 31354 | Orc:2    | Found a roughly hewn altar of Beogh.
 31362 | Orc:2    | Found Solotuemn's Armour Emporium.
 31643 | Snake:1  | Entered Level 1 of the Snake Pit
 31812 | Snake:1  | Noticed Donald
 31823 | Snake:1  | Killed Donald
 32616 | Snake:1  | Reached skill level 10 in Fighting
 33016 | Snake:1  | Reached skill level 15 in Stealth
 33746 | Snake:2  | Identified Sif Muna's Advanced Steps in Theurgy (Sif Muna gifted it to you on level 2 of the Snake Pit)
 33746 | Snake:2  | Received a gift from Sif Muna
 34526 | Snake:2  | Reached skill level 16 in Spellcasting
 34533 | Snake:2  | Reached XP level 16. HP: 85/85 MP: 15/37
 34641 | Snake:2  | Learned a level 8 spell: Controlled Blink
 34752 | Snake:2  | Found a basalt altar of Yredelemnul.
 35424 | Snake:3  | Found a blossoming altar of Fedhas.
 35959 | Snake:3  | Noticed Vashnia
 36651 | Snake:3  | Noticed Nikola
 37240 | Shoals:1 | Entered Level 1 of the Shoals
 37280 | Shoals:1 | Reached skill level 5 in Poison Magic
 39542 | Shoals:2 | Received a gift from Sif Muna
 39743 | Shoals:2 | Noticed Polyphemus
 39775 | Shoals:2 | Killed Polyphemus
 39833 | Shoals:2 | Found Niunlehe's Distillery.
 39977 | Shoals:2 | Noticed a kraken
 40303 | Shoals:3 | Reached skill level 15 in Hexes
 40319 | Shoals:3 | Found Majopit's Jewellery Emporium.
 40368 | Shoals:3 | Bought the ring of Joy {rC+ Int+3} for 574 gold pieces
 40448 | Shoals:3 | Reached ****** piety under Sif Muna
 40902 | Shoals:4 | Entered Level 4 of the Shoals
 41137 | Shoals:4 | Noticed Ilsuiw
 42469 | Shoals:3 | Reached skill level 10 in Translocations
 42879 | Shoals:3 | Reached XP level 17. HP: 73/91 MP: 1/38
 43417 | Shoals:4 | Got a dazzling war axe {protect}
 43419 | Shoals:4 | Identified the +10 war axe of Perfectionism {protect, rF+} (You took it off a merfolk aquamancer on level 4 of the Shoals)
 43755 | Shoals:4 | Got a flickering bronze ring
 43759 | Shoals:4 | Identified the ring "Joynnus" {Ice Int+4} (You took it off a merfolk on level 4 of the Shoals)
 43769 | Shoals:4 | Got a barnacled rune of Zot
 44034 | Shoals:4 | Received a gift from Sif Muna
 44040 | Shoals:4 | Learned a level 2 spell: Blink
 44075 | Shoals:4 | Learned a level 3 spell: Mephitic Cloud
 45271 | Shoals:4 | Killed Ilsuiw
 45628 | Shoals:4 | Reached skill level 17 in Spellcasting
 46159 | D:11     | Learned a level 6 spell: Bolt of Cold
 46257 | Elf:1    | Entered Level 1 of the Elven Halls
 47001 | Elf:1    | Noticed an Ice Fiend
 47221 | Elf:1    | Found Awnasi Ziew's Gadget Shop.
 47387 | Elf:1    | Found a radiant altar of Vehumet.
 47833 | Elf:1    | Identified Sif Muna's Reference Book on Transmutation and Companions (Sif Muna gifted it to you on level 1 of the Elven Halls)
 47833 | Elf:1    | Received a gift from Sif Muna
 49344 | Elf:2    | Reached XP level 18. HP: 96/96 MP: 40/40
 49626 | Elf:2    | Reached skill level 1 in Air Magic
 49778 | Elf:2    | Reached skill level 18 in Spellcasting
 50497 | Elf:2    | Found a runed gate.
 50497 | Elf:2    | Found a runed gate.
 50687 | Elf:2    | Found a runed gate.
 51056 | Elf:2    | Got a shimmering robe
 51067 | Elf:2    | Identified the +2 robe of Death Resistance {Str+2} (You acquired it on level 2 of the Elven Halls)
 51160 | Elf:2    | Reached skill level 10 in Transmutations
 51535 | Elf:2    | Received a gift from Sif Muna
 52190 | Elf:3    | Entered Level 3 of the Elven Halls
 52964 | Elf:3    | Reached skill level 19 in Spellcasting
 53160 | Elf:3    | Got a glittering iron ring
 53206 | Elf:3    | Identified the ring of Linearity {rElec MR+ SInv Stlth-} (You took it off a deep elf elementalist on level 3 of the Elven Halls)
 53871 | Elf:3    | Noticed Louise
 53879 | Elf:3    | Killed Louise
 53976 | Elf:3    | Got a scintillating granite ring
 53980 | Elf:3    | Identified the ring "Giczes" {rC+ MR+ Str+2} (You took it off a deep elf sorcerer on level 3 of the Elven Halls)
 54213 | Elf:3    | Reached XP level 19. HP: 83/101 MP: 37/43
 54843 | Elf:3    | Identified Sif Muna's Guide on Quantum Sinister Magic (Sif Muna gifted it to you on level 3 of the Elven Halls)
 54843 | Elf:3    | Received a gift from Sif Muna
 55428 | Elf:3    | Reached skill level 10 in Short Blades
 55726 | D:11     | Learned a level 6 spell: Deflect Missiles
 55963 | Snake:2  | Killed Vashnia
 56176 | Snake:3  | Noticed Aizul
 56558 | Snake:2  | Killed Aizul
 57069 | Snake:2  | Reached skill level 1 in Charms
 58679 | Snake:3  | Killed Nikola
 59006 | Snake:3  | Found Ixtaq's Weapon Shoppe.
 59009 | Snake:3  | Found Unues's Magic Scroll Emporium.
 59009 | Snake:3  | Found Yruoff's Assorted Antiques.
 59012 | Snake:3  | Found Xaitouva's Assorted Antiques.
 59177 | Snake:4  | Entered Level 4 of the Snake Pit
 59177 | Snake:4  | Noticed kalelian's ghost (adept MiBe)
 59941 | Snake:4  | Identified Doutut's Handbook of the Shifting Rocks (Sif Muna gifted it to you on level 4 of the Snake Pit)
 59941 | Snake:4  | Received a gift from Sif Muna
 60005 | Snake:3  | Reached skill level 20 in Spellcasting
 61690 | Snake:4  | Reached skill level 5 in Shields
 62576 | Snake:3  | Gained mutation: Your flesh is heat resistant. (rF+) [potion of beneficial mutation]
 63494 | Snake:4  | Received a gift from Sif Muna
 63505 | Snake:3  | Reached XP level 20. HP: 88/107 MP: 27/45
 63666 | Snake:4  | Reached skill level 5 in Charms
 64441 | Snake:4  | Killed kalelian's ghost
 65864 | Snake:4  | Got a serpentine rune of Zot
 66314 | D:15     | Entered Level 15 of the Dungeon
 66490 | D:15     | Identified Lanedori's Catalogue of the Snowflakes and Displacement (Sif Muna gifted it to you on level 15 of the Dungeon)
 66490 | D:15     | Received a gift from Sif Muna
 66745 | D:15     | Found Xaicwas's Distillery.
 67328 | D:15     | Found a staircase to the Depths.
 67872 | Vaults:1 | Entered Level 1 of the Vaults
 68454 | Vaults:1 | Reached skill level 15 in Translocations
 68623 | Vaults:1 | Reached skill level 21 in Spellcasting
 69003 | Vaults:1 | Reached skill level 5 in Air Magic
 70237 | Vaults:2 | Got a distressingly furry cloak
 70248 | Vaults:2 | Identified the +0 cloak "Buru" {MR- Str+6} (You found it on level 2 of the Vaults)
 70389 | Vaults:2 | Reached XP level 21. HP: 113/113 MP: 38/47
 70544 | Vaults:2 | Found a staircase to the Crypt.
 70544 | Vaults:2 | Found a basalt altar of Yredelemnul.
 70545 | Vaults:2 | Found an ancient bone altar of Kikubaaqudgha.
 70919 | Vaults:2 | Received a gift from Sif Muna
 72499 | Vaults:3 | Got a shimmering robe
 72599 | Vaults:2 | Identified the cursed +0 robe of a ziggurat {Str+3} (You found it on level 3 of the Vaults)
 73797 | Vaults:3 | Found a shimmering altar of Xom.
 74289 | Vaults:4 | Identified Sif Muna's Reference Book on Enhancements and Evil (Sif Muna gifted it to you on level 4 of the Vaults)
 74289 | Vaults:4 | Received a gift from Sif Muna
 74353 | Vaults:4 | Learned a level 3 spell: Ozocubu's Armour
 75575 | Vaults:4 | Found Vicavoys's Antique Armour Shoppe.
 75628 | Vaults:4 | Bought a wizard robe for 216 gold pieces
 75628 | Vaults:4 | Bought a glowing cloak for 399 gold pieces
 75638 | Vaults:4 | Identified the cursed +0 robe of the Hot Ocelot {*Corrode *Slow Str+2 Dex+5} (You bought it in a shop on level 4 of the Vaults)
 76046 | Vaults:4 | Reached skill level 10 in Charms
 76080 | Vaults:4 | Reached XP level 22. HP: 89/119 MP: 4/48
 76150 | Vaults:4 | Identified Sif Muna's Reference Book on Enchanting Necromancy (Sif Muna gifted it to you on level 4 of the Vaults)
 76150 | Vaults:4 | Received a gift from Sif Muna
 77512 | Vaults:5 | Entered Level 5 of the Vaults
 77514 | Vaults:5 | Reached skill level 5 in Conjurations
 77515 | Vaults:5 | Reached skill level 22 in Spellcasting
 79277 | Vaults:4 | Received a gift from Sif Muna
 79672 | Vaults:4 | Noticed a caustic shrike
 79672 | Vaults:4 | a shadow dragon changed into a caustic shrike
 79673 | Vaults:4 | a caustic shrike changed into an iron dragon
 80413 | Vaults:4 | Upgraded the game from 0.20-a0-46-g4a4b873 to 0.20-a0-59-g66a9409
 81516 | Vaults:5 | Found Gagogewn's Armour Boutique.
 81913 | Vaults:4 | Received a gift from Sif Muna
 82156 | Vaults:5 | Reached XP level 23. HP: 125/125 MP: 45/50
 84754 | Vaults:5 | Noticed Jory
 85143 | Vaults:5 | Reached skill level 23 in Spellcasting
 86081 | Vaults:5 | Identified Foanawky's Reference Book on Clay (Sif Muna gifted it to you on level 5 of the Vaults)
 86081 | Vaults:5 | Received a gift from Sif Muna
 86161 | Vaults:5 | Got a silver rune of Zot
 87530 | Vaults:5 | Killed Jory
 87681 | Vaults:2 | Learned a level 9 spell: Glaciate
 87759 | Crypt:1  | Entered Level 1 of the Crypt
 89086 | Crypt:1  | Identified Sif Muna's Reference Book on Feathery Execration (Sif Muna gifted it to you on level 1 of the Crypt)
 89086 | Crypt:1  | Received a gift from Sif Muna
 89332 | Crypt:1  | Reached XP level 24. HP: 130/130 MP: 37/51
 91342 | Crypt:2  | Identified Lugg's Volume of Free Will
 91544 | Crypt:3  | Entered Level 3 of the Crypt
 91916 | Crypt:3  | Reached skill level 24 in Spellcasting
 92027 | Crypt:3  | Found a basalt altar of Yredelemnul.
 92281 | Crypt:3  | Identified Sif Muna's Tome of Beguiling and Flight (Sif Muna gifted it to you on level 3 of the Crypt)
 92281 | Crypt:3  | Received a gift from Sif Muna
 92553 | Crypt:3  | Got a transparent glass ring
 93117 | Crypt:3  | Identified the Catalogue of Floating Augmentations
 94945 | Crypt:3  | Identified Sif Muna's Incunabulum of Beguiling (Sif Muna gifted it to you on level 3 of the Crypt)
 94945 | Crypt:3  | Received a gift from Sif Muna
 94950 | Crypt:3  | Identified the ring "Aqoiczin" {Wiz rElec Str+5 Int+5} (You took it off a deep elf death mage on level 3 of the Crypt)
 95031 | Crypt:3  | Found a staircase to the Tomb.
 95329 | Crypt:3  | Reached skill level 1 in Invocations
 95958 | Depths:1 | Entered Level 1 of the Depths
 95973 | Depths:1 | Found a one-way gate leading to the halls of Pandemonium.
 96502 | Depths:1 | Noticed the Enchantress
 96511 | Depths:1 | Killed the Enchantress
 96651 | Depths:1 | Got faerie dragon scales
 96662 | Depths:1 | Identified the +7 faerie dragon scales {rCorr} (You found it on level 1 of the Depths)
 96795 | Depths:1 | Noticed an ancient lich
 96837 | Depths:1 | Killed an ancient lich
 96862 | Depths:1 | Reached XP level 25. HP: 135/135 MP: 17/52
 97080 | Depths:1 | Noticed a shard shrike
 97082 | Depths:1 | a shard shrike changed into a hellephant
 97085 | Depths:1 | Noticed a shard shrike
 97085 | Depths:1 | a hellephant changed into a shard shrike
 97086 | Depths:1 | a shard shrike changed into a hellephant
 97095 | Depths:1 | Noticed a juggernaut
 97095 | Depths:1 | a titan changed into a juggernaut
 97099 | Depths:1 | a juggernaut changed into a hellephant
 97101 | Depths:1 | Noticed a shard shrike
 97101 | Depths:1 | a hellephant changed into a shard shrike
 97103 | Depths:1 | a shard shrike changed into a titan
 97324 | Depths:1 | Reached skill level 15 in Fighting
 97560 | Depths:1 | Got a smoking robe
 97582 | Depths:1 | Identified the +2 robe of the Bouncing Cities {+Fly rN+ Int+3} (You found it on level 1 of the Depths)
 98333 | Depths:1 | Found a one-way gate to the infinite horrors of the Abyss.
 98378 | Depths:1 | Identified Sif Muna's Incunabulum of Nocuous Black Rituals (Sif Muna gifted it to you on level 1 of the Depths)
 98378 | Depths:1 | Received a gift from Sif Muna
 98386 | Depths:1 | Learned a level 5 spell: Dispel Undead
 98425 | Depths:1 | Found a gateway to Hell.
 98520 | Depths:2 | Noticed Jorgrun
 98525 | Depths:2 | Killed Jorgrun
 98632 | Depths:2 | Reached skill level 10 in Ice Magic
 99558 | Depths:2 | Identified Sif Muna's Grimoire of Ice and Air (Sif Muna gifted it to you on level 2 of the Depths)
 99558 | Depths:2 | Received a gift from Sif Muna
100124 | Depths:2 | Reached skill level 25 in Spellcasting
100415 | Depths:2 | Found a stormy altar of Qazlal.
100456 | Depths:2 | Identified a +5 rod of ignition (9/9) (You took it off a hell knight on level 2 of the Depths)
100718 | Depths:2 | Got smoking gold dragon scales
100740 | Depths:1 | Identified the +9 gold dragon scales of Hueczi {rPois rF+ rC+ Int+2 Dex+3} (You took it off a tengu warrior on level 2 of the Depths)
100843 | Depths:2 | Reached skill level 5 in Invocations
101079 | Depths:2 | Identified the Collected Works on Unstable Companions
101333 | Depths:2 | Found a deep blue altar of Sif Muna.
101724 | Depths:2 | Found a glowing silver altar of Zin.
101735 | Depths:2 | Identified Sif Muna's Collected Works on Mutagenic Beguiling (Sif Muna gifted it to you on level 2 of the Depths)
101735 | Depths:2 | Received a gift from Sif Muna
101898 | Depths:2 | Found a blossoming altar of Fedhas.
103571 | Depths:3 | Reached XP level 26. HP: 117/140 MP: 0/53
104966 | Hell     | Entered the Vestibule of Hell
104966 | Hell     | Noticed Geryon
104975 | Hell     | Killed Geryon
105648 | Hell     | Reached skill level 10 in Dodging
106405 | Hell     | Identified Sif Muna's Catalogue of Battle Magic and Fire (Sif Muna gifted it to you in the Vestibule of Hell)
106405 | Hell     | Received a gift from Sif Muna
107020 | Hell     | Found a gateway to the decaying netherworld of Tartarus.
107168 | Hell     | Found a gateway to the ashen valley of Gehenna.
107485 | Hell     | Reached skill level 10 in Conjurations
107566 | Hell     | Found a gateway to the freezing wastes of Cocytus.
107581 | Hell     | Found a gateway to the Iron City of Dis.
108796 | Depths:4 | Got a twisted long sword
108797 | Depths:4 | Identified the cursed +1 long sword "Ykkush" {freeze, Dex+2} (You found it on level 4 of the Depths)
109096 | Depths:4 | Identified Sif Muna's Grimoire of Contamination (Sif Muna gifted it to you on level 4 of the Depths)
109096 | Depths:4 | Received a gift from Sif Muna
109124 | Depths:4 | Got a twitching steel ring
109244 | Depths:4 | Identified the ring of Qisiocy {Ice *Corrode rElec Str+5} (You took it off a centaur warrior on level 4 of the Depths)
109518 | Depths:4 | Found a corrupted altar of Lugonu.
110223 | Depths:5 | Entered Level 5 of the Depths
110383 | Depths:5 | Found Lyevam's Weapon Shop.
110471 | Depths:5 | Reached skill level 26 in Spellcasting
110494 | Depths:5 | Found a gate to the Realm of Zot.
110532 | Depths:5 | Reached XP level 27. HP: 144/144 MP: 54/54
110710 | Depths:5 | Found a gateway to a ziggurat.
112197 | Depths:5 | Identified Sif Muna's Guide on Enchantment (Sif Muna gifted it to you on level 5 of the Depths)
112197 | Depths:5 | Received a gift from Sif Muna
112504 | Depths:5 | Identified the Disquisition on the Compass
112508 | Depths:5 | Got a brightly glowing graven amulet
112514 | Depths:5 | Identified the amulet "Ocsiqi" {Inacc rF+ Str+5 Stlth-} (You found it on level 5 of the Depths)
113329 | Slime:1  | Entered Level 1 of the Pits of Slime
114562 | Slime:5  | Entered Level 5 of the Pits of Slime
114597 | Slime:4  | Identified Lypeil's Volume of the Noxious Birds (Sif Muna gifted it to you on level 4 of the Pits of Slime)
114597 | Slime:4  | Received a gift from Sif Muna
114983 | Slime:5  | Noticed the Royal Jelly
115053 | Slime:5  | Gained mutation: Armour fits poorly on your strangely shaped body. [a shining eye]
115111 | Slime:5  | Noticed Drak's ghost (veteran DsGl)
115978 | Slime:5  | Killed Drak's ghost
116178 | Slime:5  | Killed the Royal Jelly
117418 | Slime:5  | Got a slimy rune of Zot
117481 | Slime:5  | Got a tattered robe
117582 | Slime:5  | Identified the +1 robe of the Postmodern Wishes {MP+9 Str+2} (You found it on level 5 of the Pits of Slime)
118420 | Depths:1 | Identified Lehudib's Almanac of Glacial Conjuration (Sif Muna gifted it to you on level 1 of the Depths)
118420 | Depths:1 | Received a gift from Sif Muna
118434 | Depths:1 | Learned a level 7 spell: Orb of Destruction
119085 | Tomb:1   | Entered Level 1 of the Tomb of the Ancients
119315 | Tomb:1   | Reached skill level 27 in Spellcasting
120029 | Tomb:1   | Noticed an ancient lich
120184 | Tomb:1   | Killed an ancient lich
120291 | Tomb:1   | Reached skill level 1 in Necromancy
121626 | Tomb:2   | Noticed a greater mummy
121626 | Tomb:2   | Noticed a greater mummy
121626 | Tomb:2   | Noticed a greater mummy
121626 | Tomb:2   | Noticed a greater mummy
121626 | Tomb:2   | Identified Sif Muna's Disquisition on Weightlessness and Combat Magic (Sif Muna gifted it to you on level 2 of the Tomb of the Ancients)
121626 | Tomb:2   | Received a gift from Sif Muna
122931 | Depths:1 | Voluntarily entered the Abyss.
123058 | Depths:1 | Escaped the Abyss
123236 | Depths:1 | Upgraded the game from 0.20-a0-59-g66a9409 to 0.20-a0-61-ga1b20b4
123239 | Depths:1 | Voluntarily entered the Abyss.
125461 | Abyss:3  | Received a gift from Sif Muna
126058 | Abyss:3  | Found a basalt altar of Yredelemnul.
126074 | Abyss:3  | Found a basalt altar of Yredelemnul.
126379 | Abyss:3  | Found a basalt altar of Yredelemnul.
127195 | Abyss:3  | Found a corrupted altar of Lugonu.
127274 | Abyss:3  | Noticed an ancient lich
127288 | Abyss:3  | Found a corrupted altar of Lugonu.
127387 | Abyss:3  | Found a corrupted altar of Lugonu.
127394 | Abyss:3  | Killed an ancient lich
127420 | Abyss:3  | Identified Sif Muna's Catalogue of Glacial Shape Shifting (Sif Muna gifted it to you on level 3 of the Abyss)
127420 | Abyss:3  | Received a gift from Sif Muna
127560 | Abyss:3  | Found a corrupted altar of Lugonu.
128953 | Abyss:3  | Found a corrupted altar of Lugonu.
129500 | Abyss:3  | Noticed an ancient lich
129730 | Abyss:3  | Got a blackened whip
129933 | Depths:1 | Escaped the Abyss
129944 | Depths:1 | Voluntarily entered the Abyss.
129947 | Abyss:1  | Found a shimmering altar of Xom.
129973 | Abyss:1  | Identified Sif Muna's Incunabulum of Creation and Snow (Sif Muna gifted it to you on level 1 of the Abyss)
129973 | Abyss:1  | Received a gift from Sif Muna
130090 | Abyss:1  | Found a corrupted altar of Lugonu.
130134 | Abyss:1  | Reached skill level 15 in Ice Magic
130144 | Abyss:1  | Gained mutation: You are weak. (Str -2) [a neqoxec]
130168 | Depths:1 | Escaped the Abyss
130228 | Depths:1 | Voluntarily entered the Abyss.
130235 | Abyss:1  | Found a corrupted altar of Lugonu.
130789 | Abyss:3  | Gained mutation: You are dopey. (Int -2) [a neqoxec]
130805 | Abyss:3  | Found a corrupted altar of Lugonu.
131051 | Abyss:3  | Found a corrupted altar of Lugonu.
131399 | Abyss:3  | Found a corrupted altar of Lugonu.
133324 | Abyss:3  | Received a gift from Sif Muna
134185 | Abyss:3  | Found a sacrificial altar of Ru.
136567 | Abyss:4  | Identified Sif Muna's Reference Book on Protection and Weightlessness (Sif Muna gifted it to you on level 4 of the Abyss)
136567 | Abyss:4  | Received a gift from Sif Muna
136569 | Abyss:4  | Identified the +6 whip of the Shallot {drain, rC- Int+2 SInv} (You found it on level 3 of the Abyss)
137550 | Abyss:4  | Found a glowing golden altar of the Shining One.
137685 | Abyss:4  | Upgraded the game from 0.20-a0-61-ga1b20b4 to 0.20-a0-78-ge188847
138621 | Abyss:4  | Identified Sif Muna's Volume of Attacks and the Traveller (Sif Muna gifted it to you on level 4 of the Abyss)
138621 | Abyss:4  | Received a gift from Sif Muna
138703 | Abyss:4  | Gained mutation: Potions and wands are less effective at restoring your health. [a neqoxec]
138956 | Abyss:4  | Found a corrupted altar of Lugonu.
139398 | Depths:1 | Escaped the Abyss
139441 | Hell     | Lost mutation: Armour fits poorly on your strangely shaped body. [potion of cure mutation]
139441 | Hell     | Lost mutation: You are dopey. (Int -2) [potion of cure mutation]
139441 | Hell     | Lost mutation: You are weak. (Str -2) [potion of cure mutation]
139441 | Hell     | Lost mutation: Your system is resistant to poisons. (rPois) [potion of cure mutation]
139441 | Hell     | Lost mutation: Potions and wands are less effective at restoring your health. [potion of cure mutation]
140085 | Depths:1 | Voluntarily entered the Abyss.
140114 | Abyss:1  | Found a blossoming altar of Fedhas.
140177 | Abyss:1  | Noticed a juggernaut
140202 | Abyss:1  | Found a blossoming altar of Fedhas.
140545 | Abyss:1  | Killed a juggernaut
140545 | Abyss:1  | Reached skill level 15 in Dodging
140888 | Abyss:1  | Reached skill level 15 in Conjurations
140940 | Abyss:1  | Noticed an ancient lich
141333 | Abyss:2  | Found a corrupted altar of Lugonu.
141781 | Abyss:2  | Found a roughly hewn altar of Beogh.
141841 | Abyss:2  | Found a roughly hewn altar of Beogh.
142345 | Abyss:2  | Found a bloodstained altar of Trog.
142703 | Abyss:3  | Got an abyssal rune of Zot
142819 | Abyss:3  | Identified Sif Muna's Handbook of Helpful Bewitchment (Sif Muna gifted it to you on level 3 of the Abyss)
142819 | Abyss:3  | Received a gift from Sif Muna
143338 | Depths:1 | Escaped the Abyss
144363 | Tomb:2   | Killed a greater mummy
144363 | Tomb:2   | Reached skill level 5 in Necromancy
145459 | Zot:1    | Entered Level 1 of the Realm of Zot
145581 | Zot:1    | Found Amurphon's Changing Room.
146758 | Zot:2    | Identified Sif Muna's Grimoire of Greatest Risks and Utility (Sif Muna gifted it to you on level 2 of the Realm of Zot)
146758 | Zot:2    | Received a gift from Sif Muna
146821 | Zot:2    | Noticed an orb of fire
146837 | Zot:2    | Gained mutation: You are frail. (-10% HP) [an orb of fire]
146838 | Zot:2    | Killed an orb of fire
148744 | Zot:3    | Identified Sif Muna's Intricacies of Casting (Sif Muna gifted it to you on level 3 of the Realm of Zot)
148744 | Zot:3    | Received a gift from Sif Muna
149841 | Zot:3    | Noticed an orb of fire
150505 | Zot:3    | Killed an orb of fire
150638 | Zot:3    | Identified Fedi's Incunabulum of Ensnaring Feathers (Sif Muna gifted it to you on level 3 of the Realm of Zot)
150638 | Zot:3    | Received a gift from Sif Muna
152220 | Zot:3    | Received a gift from Sif Muna
153741 | Zot:4    | Received a gift from Sif Muna
153801 | Zot:4    | Got a heavily runed cloak
153812 | Zot:4    | Identified the +0 cloak of Xustrini {Regen+} (You acquired it on level 4 of the Realm of Zot)
154110 | Zot:5    | Entered Level 5 of the Realm of Zot
154833 | Zot:5    | Noticed an ancient lich
154839 | Zot:5    | Killed an ancient lich
154846 | Zot:5    | Noticed an ancient lich
154850 | Zot:5    | Killed an ancient lich
154956 | Zot:5    | Identified Sif Muna's Handbook of Attacks and Cold (Sif Muna gifted it to you on level 5 of the Realm of Zot)
154956 | Zot:5    | Received a gift from Sif Muna
155057 | Zot:5    | Noticed an ancient lich
155062 | Zot:5    | Killed an ancient lich
155084 | Zot:5    | Noticed an ancient lich
155086 | Zot:5    | Killed an ancient lich
155280 | Zot:5    | Noticed an ancient lich
155283 | Zot:5    | Killed an ancient lich
155504 | Zot:5    | Reached skill level 15 in Charms
155550 | Zot:5    | Noticed an ancient lich
155699 | Zot:5    | Noticed an ancient lich
155750 | Zot:5    | Noticed an orb of fire
155755 | Zot:5    | Killed an orb of fire
155898 | Zot:5    | Killed an ancient lich
155898 | Zot:5    | Identified Sif Muna's Volume of the Supportive Volcanoes (Sif Muna gifted it to you on level 5 of the Realm of Zot)
155898 | Zot:5    | Received a gift from Sif Muna
155950 | Zot:5    | Killed an ancient lich
156093 | Zot:5    | Noticed an orb of fire
156100 | Zot:5    | Noticed an ancient lich
156100 | Zot:5    | Killed an orb of fire
156104 | Zot:5    | Killed an ancient lich
156105 | Zot:5    | Noticed an orb of fire
156114 | Zot:5    | Gained mutation: You occasionally shout uncontrollably at your foes. [an orb of fire]
156606 | Zot:5    | Killed an orb of fire
156710 | Zot:5    | Noticed an orb of fire
156950 | Zot:5    | Noticed an orb of fire
156950 | Zot:5    | Gained mutation: Armour fits poorly on your strangely shaped body. [an orb of fire]
156963 | Zot:5    | Killed an orb of fire
157078 | Zot:5    | Noticed an orb of fire
157106 | Zot:5    | Gained mutation: You expend magic power (3 MP) to strengthen your wands. [an orb of fire]
157107 | Zot:5    | Killed an orb of fire
157189 | Zot:5    | Noticed an orb of fire
157192 | Zot:5    | Identified Hublem's Catalogue of Attacks (Sif Muna gifted it to you on level 5 of the Realm of Zot)
157192 | Zot:5    | Received a gift from Sif Muna
157197 | Zot:5    | Killed an orb of fire
157343 | Zot:5    | Killed an orb of fire
158304 | Hell     | Lost mutation: You occasionally shout uncontrollably at your foes. [potion of cure mutation]
158304 | Hell     | Lost mutation: Armour fits poorly on your strangely shaped body. [potion of cure mutation]
158304 | Hell     | Lost mutation: You expend magic power (3 MP) to strengthen your wands. [potion of cure mutation]
158304 | Hell     | Lost mutation: You are frail. (-10% HP) [potion of cure mutation]
158304 | Hell     | Lost mutation: You are covered in fur. (AC +1) [potion of cure mutation]
158634 | Orc:2    | Bought a slice of pizza for 21 gold pieces
158634 | Orc:2    | Bought a bread ration for 70 gold pieces
158634 | Orc:2    | Bought a bread ration for 70 gold pieces
158634 | Orc:2    | Bought a bread ration for 70 gold pieces
158634 | Orc:2    | Bought a meat ration for 70 gold pieces
158634 | Orc:2    | Bought a bread ration for 70 gold pieces
158634 | Orc:2    | Bought a bread ration for 70 gold pieces
158634 | Orc:2    | Bought a bread ration for 70 gold pieces
158634 | Orc:2    | Bought a bread ration for 70 gold pieces
158634 | Orc:2    | Bought 5 fruits for 105 gold pieces
158795 | Pan      | Entered Pandemonium
158999 | Pan      | Noticed Zoutumn the pandemonium lord
159049 | Pan      | Identified Sif Muna's Arcane Secrets of Spellcraft (Sif Muna gifted it to you in Pandemonium)
159049 | Pan      | Received a gift from Sif Muna
159425 | Pan      | Got a demonic rune of Zot
159617 | Pan      | Noticed Xionocli the pandemonium lord
159654 | Pan      | Killed Xionocli the pandemonium lord
160124 | Pan      | Entered the realm of Lom Lobon.
160124 | Pan      | Noticed Lom Lobon
161074 | Pan      | Found an exit through the horrors of the Abyss.
162522 | Pan      | Identified Sif Muna's Almanac of the Entourage and Malediction (Sif Muna gifted it to you in Pandemonium)
162522 | Pan      | Received a gift from Sif Muna
165230 | Pan      | Got a magical rune of Zot
165456 | Pan      | Took an exit into the Abyss.
165456 | Abyss:1  | Escaped into the Abyss
165525 | Depths:1 | Escaped the Abyss
165728 | D:13     | Learned a level 8 spell: Necromutation
167222 | Depths:3 | Noticed a juggernaut
167241 | Depths:3 | Killed a juggernaut
167241 | Depths:3 | Reached skill level 10 in Necromancy
167413 | Depths:3 | Identified Sif Muna's Incunabulum of Cold and Battle Magic (Sif Muna gifted it to you on level 3 of the Depths)
167413 | Depths:3 | Received a gift from Sif Muna
168110 | Tomb:2   | Killed a greater mummy
168277 | Tomb:1   | Killed a greater mummy
168603 | Tomb:2   | Killed a greater mummy
169564 | Tomb:1   | Noticed a greater mummy
169570 | Tomb:1   | Killed a greater mummy
169596 | Tomb:1   | Noticed a greater mummy
169599 | Tomb:1   | Killed a greater mummy
169877 | Tomb:1   | Noticed a greater mummy
169884 | Tomb:1   | Killed a greater mummy
169884 | Tomb:1   | Identified Sif Muna's Handbook of Dislocation (Sif Muna gifted it to you on level 1 of the Tomb of the Ancients)
169884 | Tomb:1   | Received a gift from Sif Muna
169950 | Tomb:1   | Noticed a greater mummy
169955 | Tomb:1   | Killed a greater mummy
169967 | Tomb:1   | Noticed a greater mummy
169989 | Tomb:1   | Killed a greater mummy
170273 | Tomb:1   | Noticed a greater mummy
170282 | Tomb:1   | Killed a greater mummy
170285 | Tomb:1   | Noticed a greater mummy
170370 | Tomb:1   | Killed a greater mummy
170591 | Tomb:1   | Noticed a greater mummy
170605 | Tomb:1   | Killed a greater mummy
170708 | Tomb:1   | Noticed a greater mummy
170718 | Tomb:1   | Killed a greater mummy
170800 | Tomb:1   | Noticed a greater mummy
170955 | Tomb:1   | Killed a greater mummy
171083 | Tomb:1   | Noticed a greater mummy
171089 | Tomb:1   | Killed a greater mummy
171251 | Tomb:1   | Noticed a greater mummy
171260 | Tomb:1   | Killed a greater mummy
171329 | Tomb:1   | Noticed a greater mummy
171330 | Tomb:1   | Noticed a greater mummy
171354 | Tomb:1   | Killed a greater mummy
171577 | Tomb:1   | Killed a greater mummy
171577 | Tomb:1   | Identified Sif Muna's Papyrus of Cold and Hexes (Sif Muna gifted it to you on level 1 of the Tomb of the Ancients)
171577 | Tomb:1   | Received a gift from Sif Muna
172135 | Tomb:3   | Entered Level 3 of the Tomb of the Ancients
172154 | Tomb:3   | Reached skill level 15 in Necromancy
172296 | Tomb:3   | Noticed Frederick
172297 | Tomb:3   | Noticed a greater mummy
172305 | Tomb:3   | Killed Frederick
172309 | Tomb:3   | Killed a greater mummy
172499 | Tomb:3   | Noticed a greater mummy
172504 | Tomb:3   | Noticed a greater mummy
172507 | Tomb:3   | Killed a greater mummy
172507 | Tomb:3   | Identified Sif Muna's Reference Book on the Fetching Entourage (Sif Muna gifted it to you on level 3 of the Tomb of the Ancients)
172507 | Tomb:3   | Received a gift from Sif Muna
172508 | Tomb:3   | Noticed a greater mummy
172508 | Tomb:3   | Killed a greater mummy
172508 | Tomb:3   | Reached skill level 15 in Transmutations
172728 | Tomb:3   | Noticed a greater mummy
172733 | Tomb:3   | Noticed a greater mummy
172733 | Tomb:3   | Killed a greater mummy
172733 | Tomb:3   | Killed a greater mummy
172919 | Tomb:3   | Killed a greater mummy
173048 | Tomb:3   | Noticed a greater mummy
173062 | Tomb:3   | Killed a greater mummy
173312 | Tomb:3   | Noticed a greater mummy
173323 | Tomb:3   | Killed a greater mummy
173631 | Tomb:3   | Noticed a greater mummy
173639 | Tomb:3   | Killed a greater mummy
174110 | Tomb:3   | Got a golden rune of Zot
174291 | Tomb:3   | Identified the Tome of the Glacial Entourage
174524 | Tomb:3   | Identified Commyekir's Disquisition on Creative Moulding
174571 | Tomb:3   | Got a brightly glowing short sword
174572 | Tomb:3   | Identified the +6 short sword of Domination {protect, +Blink rF- SInv} (You found it on level 3 of the Tomb of the Ancients)
174601 | Tomb:3   | Got a pitted spear
174602 | Tomb:3   | Identified the +5 spear "Tumuttuong" {freeze, rElec SInv} (You found it on level 3 of the Tomb of the Ancients)
174615 | Tomb:3   | Got an encrusted falchion
174621 | Tomb:3   | Identified the +5 falchion of Oxkifee {drain, Int+3} (You found it on level 3 of the Tomb of the Ancients)
174634 | Tomb:3   | Got a transparent spear
174635 | Tomb:3   | Identified the +12 spear "Ergho Eda" {antimagic, rC+ Str+8} (You found it on level 3 of the Tomb of the Ancients)
174641 | Tomb:3   | Got a warped mace
174642 | Tomb:3   | Identified the cursed +0 mace "Concordance" {freeze, rElec Str-4 SInv} (You found it on level 3 of the Tomb of the Ancients)
175906 | Pan      | Entered Pandemonium
176101 | Pan      | Identified Sif Muna's Compendium of Evil Secrets (Sif Muna gifted it to you in Pandemonium)
176101 | Pan      | Received a gift from Sif Muna
178852 | Pan      | Noticed Xafoman the pandemonium lord
178936 | Pan      | Killed Xafoman the pandemonium lord
179242 | Pan      | Identified Sif Muna's Guide on Shifting Conjuration (Sif Muna gifted it to you in Pandemonium)
179242 | Pan      | Received a gift from Sif Muna
180081 | Pan      | Found an exit through the horrors of the Abyss.
180316 | Pan      | Reached skill level 10 in Shields
181494 | Pan      | Found a glowing silver altar of Zin.
182190 | Pan      | Identified Sif Muna's Catalogue of the Blaze and Moulding (Sif Muna gifted it to you in Pandemonium)
182190 | Pan      | Received a gift from Sif Muna
184036 | Pan      | Identified Synkec's Disquisition on Orientation and Evil Arts (Sif Muna gifted it to you in Pandemonium)
184036 | Pan      | Received a gift from Sif Muna
184043 | Pan      | Noticed a seraph
184422 | Pan      | Killed a seraph
184503 | Pan      | Found a glowing golden altar of the Shining One.
184582 | Pan      | Got an ichor-stained dagger
184592 | Pan      | Identified the +4 dagger "Kory" {antimagic, rN+ Dex+3 SInv} (You found it in Pandemonium)
184602 | Depths:1 | Escaped Pandemonium
184829 | Pan      | Entered Pandemonium
184877 | Pan      | Noticed Edwerobb the pandemonium lord
185466 | Pan      | Killed Edwerobb the pandemonium lord
185608 | Pan      | Noticed Mennas
185617 | Pan      | Killed Mennas
186186 | Pan      | Identified Hevus's Papyrus of the Compass and the Frostbite (Sif Muna gifted it to you in Pandemonium)
186186 | Pan      | Received a gift from Sif Muna
186853 | Pan      | Found an exit through the horrors of the Abyss.
187512 | Pan      | Noticed Gileoter the pandemonium lord
187523 | Pan      | Killed Gileoter the pandemonium lord
188088 | Pan      | Found an exit through the horrors of the Abyss.
188121 | Pan      | Noticed Zutte the pandemonium lord
188132 | Pan      | Took an exit into the Abyss.
188132 | Abyss:1  | Escaped into the Abyss
188162 | Depths:1 | Escaped the Abyss
188414 | Pan      | Entered Pandemonium
188568 | Pan      | Entered the realm of Gloorx Vloq.
188568 | Pan      | Noticed Gloorx Vloq
188573 | Pan      | Killed Gloorx Vloq
188601 | Pan      | Got a dark rune of Zot
188688 | Pan      | Identified Ysame's Disquisition on Sinister Secrets and Orientation (Sif Muna gifted it to you in Pandemonium)
188688 | Pan      | Received a gift from Sif Muna
189358 | Pan      | Found an exit through the horrors of the Abyss.
189923 | Pan      | Noticed Muvox the pandemonium lord
189929 | Pan      | Killed Muvox the pandemonium lord
190069 | Pan      | Got a slimy bronze ring
190085 | Pan      | Identified the ring of Gotucsesch {Dex+7 SInv} (You took it off a blood saint in Pandemonium)
191780 | Depths:1 | Escaped Pandemonium
191821 | Depths:1 | Learned a level 9 spell: Fire Storm
191900 | Pan      | Entered Pandemonium
191963 | Pan      | Reached skill level 1 in Fire Magic
192283 | Pan      | Identified Sif Muna's Compendium of the Lost Coins (Sif Muna gifted it to you in Pandemonium)
192283 | Pan      | Received a gift from Sif Muna
193068 | Pan      | Noticed Epok the pandemonium lord
193128 | Pan      | Killed Epok the pandemonium lord
195049 | Pan      | Identified Sif Muna's Disquisition on Captivating Changing (Sif Muna gifted it to you in Pandemonium)
195049 | Pan      | Received a gift from Sif Muna
196481 | Pan      | Reached skill level 5 in Fire Magic
196996 | Pan      | Found an exit through the horrors of the Abyss.
197441 | Pan      | Gained mutation: You have a pair of small horns on your head. [potion of beneficial mutation]
197879 | Pan      | Gained mutation: You are occasionally teleported next to monsters. [a neqoxec]
198504 | Pan      | Found a runed door.
198535 | Pan      | Identified Sif Muna's Incunabulum of Igneous Cold (Sif Muna gifted it to you in Pandemonium)
198535 | Pan      | Received a gift from Sif Muna
198792 | Pan      | Found a runed door.
199012 | Pan      | Found a runed door.
199022 | Pan      | Found a runed door.
199132 | Pan      | Noticed Uxathoe the pandemonium lord
199223 | Pan      | Killed Uxathoe the pandemonium lord
199597 | Depths:1 | Escaped Pandemonium
199818 | Pan      | Entered Pandemonium
200119 | Pan      | Found an exit through the horrors of the Abyss.
200247 | Pan      | Noticed Vazom the pandemonium lord
200250 | Pan      | Killed Vazom the pandemonium lord
200745 | Pan      | Identified Sif Muna's Handbook of the Frostbite and Hexes (Sif Muna gifted it to you in Pandemonium)
200745 | Pan      | Received a gift from Sif Muna
200776 | Pan      | Entered the realm of Cerebov.
200848 | Pan      | Reached skill level 10 in Fire Magic
201317 | Pan      | Noticed Cerebov
201942 | Pan      | Killed Cerebov
201942 | Pan      | Identified Umoqaloh's Grimoire of Lightness (Sif Muna gifted it to you in Pandemonium)
201942 | Pan      | Received a gift from Sif Muna
202862 | Pan      | Identified the Volume of Good Luck
202914 | Pan      | Identified the Disquisition on the Enthralling Frostbite
202917 | Pan      | Got a shimmering gossamer ring
202918 | Pan      | Got a crude whip {speed}
202923 | Pan      | Got an ivory falchion
202925 | Pan      | Identified the Tome of the Ashen Volcanoes
202934 | Pan      | Got a shimmering mace
202940 | Pan      | Identified the ring "Xyanaus" {rF+ Str+5 Int-4} (You took it off an efreet in Pandemonium)
202942 | Pan      | Identified the +12 whip "Najut" {speed, rF- Str+10} (You took it off an efreet in Pandemonium)
202943 | Pan      | Identified the +3 falchion of Avuwytso {venom, Int+5 Dex+2} (You found it in Pandemonium)
202944 | Pan      | Identified the +6 mace "Hellblazer" {freeze, *Noise +Rage rElec Dex+3} (You found it in Pandemonium)
202993 | Pan      | Got a fiery rune of Zot
203097 | Pan      | Noticed Qepsez the pandemonium lord
203292 | Pan      | Found an exit through the horrors of the Abyss.
203300 | Pan      | Took an exit into the Abyss.
203300 | Abyss:1  | Escaped into the Abyss
203300 | Abyss:1  | Found a hide-covered altar of Uskayaw.
203362 | Abyss:1  | Found a corrupted altar of Lugonu.
203483 | Depths:1 | Escaped the Abyss
203502 | Pan      | Entered Pandemonium
203528 | Pan      | Entered the realm of Mnoleg.
203549 | Pan      | Identified Umecs's Disquisition on Flamy Conjuration (Sif Muna gifted it to you in Pandemonium)
203549 | Pan      | Received a gift from Sif Muna
203858 | Pan      | Found an exit through the horrors of the Abyss.
204366 | Pan      | Noticed Mnoleg
204368 | Pan      | Got a glowing rune of Zot
204523 | Pan      | Reached skill level 15 in Fire Magic
204743 | Pan      | Identified Sif Muna's Guide on Warped Fire (Sif Muna gifted it to you in Pandemonium)
204743 | Pan      | Received a gift from Sif Muna
204901 | Pan      | Found an exit through the horrors of the Abyss.
205343 | Pan      | Noticed Folumu the pandemonium lord
205358 | Pan      | Killed Folumu the pandemonium lord
206774 | Pan      | Took an exit into the Abyss.
206774 | Abyss:1  | Escaped into the Abyss
206839 | Depths:1 | Escaped the Abyss
206953 | Zig:1    | Entered Level 1 of a ziggurat
207024 | Zig:2    | Entered Level 2 of a ziggurat
207127 | Zig:3    | Entered Level 3 of a ziggurat
207151 | Zig:3    | Got a crude crystal amulet
207153 | Zig:3    | Identified the amulet "Lokuan" {Gourm +Fly Str-3 Int+9 Stlth-} (You found it on level 3 of a ziggurat)
207195 | Zig:4    | Entered Level 4 of a ziggurat
207252 | Zig:4    | Identified Sif Muna's Guide on the Volcanoes (Sif Muna gifted it to you on level 4 of a ziggurat)
207252 | Zig:4    | Received a gift from Sif Muna
207305 | Zig:5    | Entered Level 5 of a ziggurat
207347 | Zig:5    | Got a smoking hunting sling
207447 | Zig:6    | Entered Level 6 of a ziggurat
207608 | Zig:7    | Entered Level 7 of a ziggurat
207788 | Zig:8    | Entered Level 8 of a ziggurat
207857 | Zig:8    | Got a shimmering marble ring
207861 | Zig:8    | Got a polished scimitar
207960 | Zig:8    | Identified the +7 hunting sling "Hilo" {venom, -Tele rElec Str+4 Int+5} (You found it on level 5 of a ziggurat)
207961 | Zig:8    | Identified the +12 scimitar of Courage {elec, *Drain rN+++ MP+9 Dex-4} (You found it on level 8 of a ziggurat)
207965 | Zig:8    | Identified the ring of the Kraken {rPois Stlth+} (You found it on level 8 of a ziggurat)
207994 | Zig:9    | Entered Level 9 of a ziggurat
208003 | Zig:9    | Noticed Kimeat Koir the pandemonium lord
208041 | Zig:9    | Killed Kimeat Koir the pandemonium lord
208169 | Zig:9    | Got a bound amber ring
208193 | Zig:9    | Identified the ring "Reepsalu" {*Corrode rPois rC+ Int+5 SInv} (You found it on level 9 of a ziggurat)
208220 | Zig:10   | Entered Level 10 of a ziggurat
208228 | Zig:10   | Noticed a juggernaut
208233 | Zig:10   | Identified Sif Muna's Disquisition on Combat Magic (Sif Muna gifted it to you on level 10 of a ziggurat)
208233 | Zig:10   | Received a gift from Sif Muna
208236 | Zig:10   | Killed a juggernaut
208238 | Zig:10   | Killed a juggernaut
208377 | Zig:10   | Got a crystal short sword
208392 | Zig:10   | Identified the cursed +0 short sword "Muaxem" {flame, Str+2} (You found it on level 10 of a ziggurat)
208433 | Zig:11   | Entered Level 11 of a ziggurat
208538 | Zig:11   | Got a transparent mace
208558 | Zig:11   | Identified the Compendium of Enchanting Boosts
208566 | Zig:11   | Identified the +7 mace "Iroathez" {chaos, rElec MR+} (You found it on level 11 of a ziggurat)
208598 | Zig:12   | Entered Level 12 of a ziggurat
208609 | Zig:12   | Noticed an ancient lich
208613 | Zig:12   | Killed an ancient lich
208843 | Zig:12   | Got an ancient rapier
208850 | Zig:12   | Got a flickering jade ring
208857 | Zig:12   | Identified the +7 rapier "Kutidomy" {venom, *Drain rPois rN+++ Dex-3} (You found it on level 12 of a ziggurat)
208860 | Zig:12   | Identified the ring of Daisies {rCorr rN+++ Int-3 SInv} (You found it on level 12 of a ziggurat)
208919 | Zig:13   | Entered Level 13 of a ziggurat
208933 | Zig:13   | Identified Sif Muna's Incunabulum of the Traveller and the Blaze (Sif Muna gifted it to you on level 13 of a ziggurat)
208933 | Zig:13   | Received a gift from Sif Muna
208999 | Zig:13   | Identified the Volume of Feathery Beguiling
209064 | Zig:13   | Lost mutation: You have a pair of small horns on your head. [potion of cure mutation]
209064 | Zig:13   | Lost mutation: Your flesh is heat resistant. (rF+) [potion of cure mutation]
209064 | Zig:13   | Lost mutation: You are occasionally teleported next to monsters. [potion of cure mutation]
209064 | Zig:13   | Lost mutation: You are partially covered in thin metallic scales. (AC +2) [potion of cure mutation]
209065 | Zig:13   | Gained mutation: Your system is resistant to poisons. (rPois) [potion of beneficial mutation]
209126 | Zig:14   | Entered Level 14 of a ziggurat
209144 | Zig:14   | Identified Wadioqit's Incunabulum of Heat (Sif Muna gifted it to you on level 14 of a ziggurat)
209144 | Zig:14   | Received a gift from Sif Muna
209376 | Zig:14   | Identified a +4 rod of inaccuracy (11/11) (You found it on level 14 of a ziggurat)
209432 | Zig:15   | Entered Level 15 of a ziggurat
209631 | Zig:15   | Gained mutation: You are resistant to hostile enchantments. (MR+) [potion of beneficial mutation]
209687 | Zig:16   | Entered Level 16 of a ziggurat
209975 | Zig:16   | Got a scorched flail
209984 | Zig:16   | Got a translucent falchion
209989 | Zig:16   | Identified the Volume of Cloudy Stolen Souls
210017 | Zig:16   | Got a smoking glass ring
210026 | Zig:16   | Identified the ring of the Bull {rCorr rC+} (You found it on level 16 of a ziggurat)
210031 | Zig:16   | Identified the +8 flail of Quxuott {drain, Str+5} (You found it on level 16 of a ziggurat)
210032 | Zig:16   | Identified the +1 falchion of Qasaset {distort, rF+ MP-9 Dex+4} (You found it on level 16 of a ziggurat)
210063 | Zig:17   | Entered Level 17 of a ziggurat
210075 | Zig:17   | Identified Sif Muna's Tome of Fetching Transformation (Sif Muna gifted it to you on level 17 of a ziggurat)
210075 | Zig:17   | Received a gift from Sif Muna
210464 | Zig:17   | Identified a +9 rod of clouds (14/14) (You found it on level 17 of a ziggurat)
210517 | Zig:18   | Entered Level 18 of a ziggurat
210536 | Zig:18   | Identified Sif Muna's Guide on Shape Shifting and Lightness (Sif Muna gifted it to you on level 18 of a ziggurat)
210536 | Zig:18   | Received a gift from Sif Muna
210850 | Zig:18   | Got a smoking spear
210851 | Zig:18   | Identified the cursed +1 spear of Hard Scrabble {flame, +Rage} (You found it on level 18 of a ziggurat)
210863 | Zig:18   | Got a faintly glowing quarterstaff
210866 | Zig:18   | Identified the +3 quarterstaff "Jakhefyl" {protect, Dex+3} (You found it on level 18 of a ziggurat)
210869 | Zig:18   | Got a shimmering hand axe
210870 | Zig:18   | Identified the +8 hand axe of Exhibitionism {antimagic, rElec rF++ rC+} (You found it on level 18 of a ziggurat)
210873 | Zig:18   | Identified a +5 rod of clouds (12/12) (You found it on level 18 of a ziggurat)
210903 | Zig:19   | Entered Level 19 of a ziggurat
211212 | Zig:19   | Got a scorched hand axe
211251 | Zig:19   | Got a fine whip
211256 | Zig:19   | Identified the +9 hand axe of Asuocah {venom, +Rage rN+} (You found it on level 19 of a ziggurat)
211258 | Zig:19   | Identified the +9 whip of Nemelex Xobeh's Envy {flame, rElec rF- rC+ Stlth+} (You found it on level 19 of a ziggurat)
211286 | Zig:19   | Got a crystal rapier
211294 | Zig:19   | Identified the cursed +3 rapier "Voiff" {pain, +Fly} (You found it on level 19 of a ziggurat)
211328 | Zig:20   | Entered Level 20 of a ziggurat
211618 | Zig:20   | Got jewelled quicksilver dragon scales
211625 | Zig:20   | Identified the quicksilver dragon scales of Caareock {MR+ Int+2 SInv} (You found it on level 20 of a ziggurat)
211678 | Zig:20   | Got a pitted copper amulet
211685 | Zig:20   | Identified the amulet of Ymyiru {Faith rPois rF+ Str-2} (You found it on level 20 of a ziggurat)
211712 | Zig:21   | Entered Level 21 of a ziggurat
211720 | Zig:21   | Noticed an orb of fire
211721 | Zig:21   | Noticed an orb of fire
211722 | Zig:21   | Noticed an orb of fire
211725 | Zig:21   | Killed an orb of fire
211725 | Zig:21   | Killed an orb of fire
211727 | Zig:21   | Killed an orb of fire
211727 | Zig:21   | Identified Sif Muna's Incunabulum of Sinister Secrets (Sif Muna gifted it to you on level 21 of a ziggurat)
211727 | Zig:21   | Received a gift from Sif Muna
211747 | Zig:21   | Noticed an orb of fire
211761 | Zig:21   | Gained mutation: You are occasionally teleported next to monsters. [an orb of fire]
212011 | Depths:1 | Lost mutation: Your system is resistant to poisons. (rPois) [potion of cure mutation]
212011 | Depths:1 | Lost mutation: You are occasionally teleported next to monsters. [potion of cure mutation]
212011 | Depths:1 | Lost mutation: You are resistant to hostile enchantments. (MR+) [potion of cure mutation]
212126 | Tar:1    | Entered Level 1 of Tartarus
212367 | Tar:2    | Killed from afar by a Tzitzimitl

Vault maps used:
D:1:      wheals_arrival_shading
D:3:      uniq_natasha
D:4:      lemuel_round_altar, lemuel_crystal_altar, overflow_temple_1_default,
          minmay_checkerbox, uniq_pikel
D:5:      bloody_trog, basic_altar, first_bread, abandoned_shop,
          hangedman_glass_teeth, uniq_crazy_yiuf_cottage, uniq_blork_the_orc
D:6:      gammafunk_temple_overflow_pools, nicolae_ashenzari_panopticon,
          corner_web_ring
D:7:      grunt_ministairs_6, grunt_ogre_cave
D:9:      old_standard_altar, uniq_erolcha, uniq_prince_ribbit1, uniq_grum
D:10:     lemuel_flame_loot_2
D:11:     lair_0_dummy, uniq_urug, uniq_josephine
D:12:     zombieorc2_lemuel, serial_shops, shop, led_sif_book
D:13:     david_vaults_5
D:14:     nrook_mini_backslash
D:15:     gammafunk_enter_depths_forms, serial_shops, nicolae_shop_trees
Temple:   oiseaux_autumnal_temple
Lair:2:   guppyfry_snake_entry_island, guppyfry_lair_drakes
Lair:3:   elwin_shoals_entry_rocks, basic_altar, special_room,
          beast_lair_carwin_3, lemuel_fruit_fields, grunt_megastairs_3,
          uniq_gastronok
Lair:4:   portal_ice_cave_rime, st_stairs_11, nicolae_quartered_pool_little
Lair:5:   minmay_slime_entry_oklob_open
Lair:6:   hangedman_lair_in_review, grunt_forest_large_clearings
Shoals:1: yaktaur_hedge
Shoals:2: serial_shops, shop_statue, uniq_polyphemus
Shoals:3: serial_shops, shop
Shoals:4: shoals_end_grunt_ice, shoals_ilsuiw_alternative
Snake:1:  guppyfry_library_mini, uniq_donald
Snake:2:  basic_altar, lemuel_fruit_tree
Snake:3:  basic_altar, st_stairs_6, serial_bayou_shore_a, minmay_shoptagon,
          serial_bayou_shore_b, uniq_vashnia, uniq_nikola, uniq_aizul
Snake:4:  johnstein_snake_rune_scales, spider_trap, st_stairs_14
Slime:3:  basic_altar
Orc:2:    grunt_orc_community_town_hall, grunt_orc_community_big_house_2,
          grunt_orc_community_big_house_2, grunt_orc_community_house_3,
          grunt_orc_community_house_2, grunt_orc_community_house_3,
          grunt_orc_community_house_3, grunt_orc_community_house_3,
          lab_entry_generic, serial_shops, shop_fountains, mines2_david
Elf:1:    elf_arrival_001, serial_shops, shop, basic_altar,
          serial_co_window_serial, co_window_paths_a, co_window_corner_a,
          co_window_paths_a, co_window_corner_a, co_window_of_opportunity_a,
          co_window_paths_a, co_window_cross_1, co_window_corner_a,
          co_window_paths_b, co_window_unsneaky_path_a, glass_columns_a,
          glass_columns_b
Elf:2:    minivault_24
Elf:3:    minmay_elf_hall_curves, lemuel_flamethrower_1, uniq_louise
Vaults:1: nicolae_vaults_circle_grid_a, hangedman_vaults_corner,
          vaults_room_door_ring, vaults_room_semicircle, vaults_dpeg_doors,
          hangedman_vaults_stream, nicolae_vaults_three_branches, v_misc_17,
          nicolae_vaults_yaktaur_gun_rack, vaults_room_hallway,
          ontoclasm_vaults_eye, nicolae_vaults_little_squares_3
Vaults:2: st_diamondy, hangedman_vaults_restitches,
          minmay_crypt_entry_necro_gods, hangedman_vaults_variations,
          ontoclasm_vaults_chip, vaults_room_grid, v_pattern_2, v_misc_13
Vaults:3: hangedman_vaults_pinch, vaults_room_semicircle,
          ontoclasm_vaults_gateway, ontoclasm_vaults_claustrophobia, v_misc_11,
          v_misc_22, ontoclasm_vaults_ligature, ontoclasm_vaults_ring_large,
          v_alt_pattern_3, nicolae_vaults_alarming, basic_altar
Vaults:4: nicolae_vaults_stairing_the_circle, v_misc_26, vaults_room_pool,
          hangedman_vaults_corner_blocks, nicolae_vaults_network_periphery,
          v_misc_26, v_rooms_5, vaults_room_boxed, grunt_vaults_bifocal,
          v_alt_pattern_3, vaults_room_ringed_pool, ontoclasm_vaults_idyll,
          ontoclasm_vaults_ring_small, serial_shops, shop
Vaults:5: serial_shops, uniq_jory
Crypt:1:  minmay_guarded_unrand_majin_bo, st_stairs_13, chequers_big_river
Crypt:2:  fountainhead, grunt_megastairs_4
Crypt:3:  grunt_crypt_end_deaths_head
Tomb:3:   uniq_frederick
Depths:1: minmay_tri_stars, abyss_entry_crystal, grunt_decor_cap,
          rand_demon_pan_entry_3, pf_hell_entry_tar_spiral,
          serial_co_window_serial, co_window_corner_a, co_window_corner_a,
          co_window_paths_a, co_window_paths_a, co_window_corner_a,
          glass_columns_a, uniq_enchantress
Depths:2: grunt_profane_halls, hell_entry, serial_shops, uniq_jorgrun
Depths:3: onia_ninara_swampy_vault, rand_demon_pan_entry_4,
          grunt_hell_entry_dis_grunt, patterned_corridor,
          infiniplex_staircase_pillars_3a
Depths:4: kennysheep_large_spiral, rand_demon_pan_entry_5,
          abyss_entry_flame_altar, hell_entry, minmay_misc_feat_more_columns,
          nicolae_twisting_strands, serial_bayou_shore_b, firewood_loft,
          minmay_staircase_bubble, serial_bayou_shore_b
Depths:5: grunt_zot_entry_bicorn, enter_ziggurat_a, hell_entry, serial_shops,
          shop, serial_bayou_shore_b, minmay_fire_ice_demons
Tar:1:    evilmike_ambush
Tar:2:    hangedman_restless_catacombs, grunt_megastairs_2
Zot:1:    nicolae_transmutations_shop
Zot:3:    lemuel_acid_trip
Zot:5:    st_stairs_11
Abyss:1:  hangedman_elemental_corridor, guppyfry_abyss_exit_glass_guarded,
          hangedman_abyss_or_decor_jellyfish_corner, evilmike_abyss_exit_1,
          guppyfry_abyss_exit_imp_island
Abyss:2:  hangedman_abyss_shoalhut, serial_sigils_hangedman_snap
Abyss:3:  hangedman_abyss_batty_box, evilmike_abyss_exit_plants,
          nicolae_abyss_rune_left_handed
Abyss:4:  evilmike_abyss_rune_tso_outpost
Pan:      evilmike_mini_pan_layers, pan_blood_fountain,
          evilmike_mini_pan_doors_b, special_room, lom_lobon_st,
          grunt_pan_spiral, lemuel_hall_of_pain, grunt_pan_spiral,
          pan_blood_fountain_small, reaverb_pan_figure_eight, evilmike_holy_pan,
          grunt_pan_pentagram, pan_blood_fountain,
          evilmike_mini_pan_possible_glass, uniq_mennas_pan,
          evilmike_mini_pan_branches, pan_blood_fountain_2,
          regret_index_pan_draining_boxed, rand_demon_1, evilmike_mini_pan_V,
          gloorx_vloq, pan_blood_fountain, evilmike_mini_pan_layers,
          pan_blood_fountain_small, nicolae_pan_gloorx_vloqian_1, rand_demon_8,
          rand_demon_4, nicolae_pan_sigil_uleosi, nicolae_pan_lom_lobonic_2,
          grunt_pan_spiral, nicolae_pan_sigil_uleosi, rand_demon_5,
          nicolae_pan_giant_door, evilmike_mini_pan_pillars,
          pan_blood_fountain_2, pan_captured_pigsty, evilmike_mini_pan_pillars,
          pan_blood_fountain_small, rand_demon_7, pan_blood_fountain_small,
          nicolae_pan_glass_arcs, evilmike_mini_pan_T, pan_blood_fountain_2,
          nicolae_pan_cerebovesque_1, evilmike_mini_pan_other_thingy,
          pan_blood_fountain_small, nicolae_pan_mnolegish_4,
          nicolae_pan_sigil_uleosi, evilmike_mini_pan_thingy,
          nicolae_pan_cerebovesque_4, evilmike_mini_pan_T,
          reaverb_pan_chaos_star, evilmike_cerebov_lava,
          nicolae_pan_mnolegish_2, pan_disco_hall, pan_blood_fountain,
          evilmike_mini_pan_pillars_b, evilmike_mini_pan_diamond, mnoleg_st,
          nicolae_pan_strange_glyphs, nicolae_pan_mnolegish_3,
          evilmike_mini_pan_3x3, nicolae_pan_sigil_nadil,
          nicolae_pan_gloorx_vloqian_2, evilmike_mini_pan_pillars_b
Zig:6:    ziggurat_pillar_centre_smoke
Zig:9:    ziggurat_pillar_centre_dead_trees
Lab:      nicolae_lab_garden
IceCv:    ice_cave_statue_garden_teleport

Skill      XL: |  1  2  3  4  5  6  7  8  9 10 11 12 13 14 15 16 17 18 19 20 21 22 23 24 25 26 27 |
---------------+----------------------------------------------------------------------------------+-----
Stealth        | 5 6 7 8 10 12 13 14 15 16 17 18 19 20 21 22 23 25 | 25.8
Short Blades   | 2 3 4 5 6 7 8 9 10 11 12 14 | 14.3
Spellcasting   | 3 4 5 6 8 9 10 12 13 15 16 17 19 20 21 22 23 24 25 26 27 | 27.0
Hexes          | 4 5 6 7 8 9 11 12 13 14 15 16 17 18 19 20 21 | 21.6
Fighting       | 1 2 3 4 5 6 7 8 9 10 11 12 13 14 15 19 | 19.8
Ice Magic      | 1 2 3 4 6 7 8 9 10 11 23 | 23.4
Evocations     | 2 4 6 7 8 9 |  9.0
Translocations | 1 2 3 5 8 10 11 13 14 15 16 17 18 | 18.8
Dodging        | 4 5 6 7 8 9 10 25 | 25.0
Shields        | 1 2 3 4 5 6 11 | 11.6
Conjurations   | 1 2 3 4 5 7 8 9 10 23 | 23.0
Transmutations | 4 6 8 9 10 18 | 18.7
Poison Magic   | 4 5 6 |  6.4
Air Magic      | 2 3 5 6 8 9 |  9.7
Charms         | 4 7 10 17 | 17.6
Invocations    | 2 5 8 9 |  9.7
Necromancy     | 20 | 20.1
Fire Magic     | 18 | 18.9

Action                   |  1- 3 |  4- 6 |  7- 9 | 10-12 | 13-15 | 16-18 | 19-21 | 22-24 | 25-27 || total
-------------------------+-------+-------+-------+-------+-------+-------+-------+-------+-------++-------
Melee: Dagger            |   106 |    91 |   206 |   520 |   476 |       |       |       |       ||  1399
       Knife             |       |       |       |       |   335 |   855 |  1042 |  1032 |  7422 || 10686
       Lance             |       |       |       |       |       |       |       |       |   171 ||   171
       Headbutt          |       |       |       |       |       |       |       |       |   167 ||   167
 Cast: Corona            |     8 |     4 |       |       |       |       |       |       |       ||    12
       Ensorcelled Hiber |    18 |    43 |    79 |   119 |   345 |   263 |   424 |   172 |   179 ||  1642
       Confuse           |       |     3 |    20 |    92 |   175 |   207 |   250 |   365 |   801 ||  1913
       Gell's Gravitas   |       |       |     5 |    24 |    19 |     6 |       |       |       ||    54
       Tukima's Dance    |       |       |     1 |     2 |     3 |     7 |     2 |       |     4 ||    19
       Dazzling Spray    |       |       |       |     2 |       |       |       |       |       ||     2
       Fulminant Prism   |       |       |       |     1 |    57 |    98 |   188 |   293 |   269 ||   906
       Invisibility      |       |       |       |       |     1 |    10 |     9 |     5 |    16 ||    41
       Alistair's Intoxi |       |       |       |       |       |    18 |     8 |       |       ||    26
       Discord           |       |       |       |       |       |     2 |     6 |     5 |    38 ||    51
       Mephitic Cloud    |       |       |       |       |       |    79 |    67 |    45 |    44 ||   235
       Bolt of Cold      |       |       |       |       |       |       |    73 |    46 |   989 ||  1108
       Blink             |       |       |       |       |       |       |     6 |     5 |    23 ||    34
       Deflect Missiles  |       |       |       |       |       |       |     3 |     5 |     8 ||    16
       Controlled Blink  |       |       |       |       |       |       |     2 |     6 |    24 ||    32
       Ozocubu's Armour  |       |       |       |       |       |       |     8 |    57 |   599 ||   664
       Dispel Undead     |       |       |       |       |       |       |       |       |    86 ||    86
       Glaciate          |       |       |       |       |       |       |       |       |   680 ||   680
       Orb of Destructio |       |       |       |       |       |       |       |       |   576 ||   576
       Necromutation     |       |       |       |       |       |       |       |       |   377 ||   377
       Fire Storm        |       |       |       |       |       |       |       |       |    29 ||    29
Invok: Divine Energy     |       |       |     2 |       |       |       |       |       |       ||     2
       Stop Divine Energ |       |       |     1 |       |       |       |       |       |       ||     1
       Channel Magic     |       |       |       |       |       |       |       |     1 |    17 ||    18
 Abil: Evoke Invisibilit |       |       |     1 |     2 |     4 |     8 |       |       |       ||    15
       Evoke Flight      |       |       |       |       |       |       |       |     1 |       ||     1
       End Transformatio |       |       |       |       |       |       |       |       |    12 ||    12
Evoke: Lamp of fire      |       |       |       |       |       |       |     2 |     1 |       ||     3
       Sack of spiders   |       |       |       |       |       |       |     1 |     1 |       ||     2
       Fan of gales      |       |       |       |       |       |       |     1 |       |     1 ||     2
       Phantom mirror    |       |       |       |       |       |       |     1 |       |       ||     1
       Disc of storms    |       |       |       |       |       |       |     4 |       |       ||     4
       Wand              |       |       |       |       |       |       |       |       |     5 ||     5
       Box of beasts     |       |       |       |       |       |       |       |       |     2 ||     2
       Figurine of a zig |       |       |       |       |       |       |       |       |     1 ||     1
  Use: Scroll            |       |       |     4 |    18 |    10 |    16 |     9 |     7 |    58 ||   122
       Potion            |       |       |       |     7 |       |     3 |     2 |     2 |    45 ||    59
 Stab: Sleeping          |    16 |    18 |    78 |    99 |   267 |   168 |   219 |   140 |   205 ||  1210
       Distracted        |     1 |       |     1 |     2 |     1 |     1 |     8 |     4 |    91 ||   109
       Confused          |       |     1 |    17 |    66 |   110 |   118 |   168 |   255 |   546 ||  1281
       Invisible         |       |       |     5 |    14 |    17 |    74 |    41 |    19 |    64 ||   234
       Petrified         |       |       |       |       |     2 |       |       |       |       ||     2
  Eat: Bread ration      |       |     1 |       |     1 |       |       |     4 |     4 |    12 ||    22
       Pizza             |       |       |     3 |       |     1 |     1 |       |     1 |     7 ||    13
       Fruit             |       |       |       |       |    21 |    26 |       |       |    23 ||    70
       Royal jelly       |       |       |       |       |       |       |       |       |     1 ||     1
Armor: Robe              |    13 |     8 |    16 |    30 |    65 |    85 |    98 |   121 |   474 ||   910
       Mottled dragon sc |       |       |       |       |       |       |       |       |    29 ||    29
Dodge: Dodged            |    80 |    74 |    91 |   147 |   220 |   409 |   636 |   569 |  4360 ||  6586
       Deflected         |       |       |       |       |       |       |    40 |    37 |   141 ||   218
Block: Buckler           |       |       |       |    73 |   213 |   324 |   662 |   537 |  4475 ||  6284
       Reflection        |       |       |       |     4 |    20 |    75 |   145 |    62 |   106 ||   412
